Workbook
Name Einzelkulturen: 'Konventionell (2)'!$A$3:$H$69
Name Einzelkulturen: 'Begr.-Rechner int. Prod.'!$A$4:$H$70

Sheet Anleitung
A1: Bedienungsanleitung Begrünungsrechner 2023
A2: KONTAKT: | B2: https://www.bwsb.at/ | E2: Fragen und Anregungen an: | H2: simon.kriegner-schramml@lk-ooe.at | L2: Version: | M2: 20230621
A4: Der Begrünungsrechner ist grob in die Bereiche integrierte Produktion, BIO und den Informationsbereich untergliedert.
A5: Durch einen KLICK auf die folgenden Schaltflächen bzw. durch Auswahl der entsprechenden Tabellenblätter gelangen Sie zu den einzelnen Bereichen.
F8: INFORMATIONSBEREICH
F9: Dieser Bereich ist in die Tabellenblätter Begrünungstabellen 2023 und Anbauzeitpunkte gegliedert.
F11: Der Bereich Begrünungstabellen 2023 enthält eine Liste von Einzelkulturen und Begrünungsmischungen mit einer Kurzbeschreibung
H12: Durch einen KLICK auf diesen Link ► gelangen Sie zur Begrünungsliste
F14: Der Bereich Anbauzeitpunkte enthält Informationen zu den empfohlenen Anbauzeitpunkten und pflanzenbaulichen Eigenschaften
F15: Dieser Bereich ist zusätzlich in Eigenschaften winterharter und abfrostender Kulturen untergliedert
H16: Durch einen KLICK auf diesen Link ► gelangen Sie zu den Anbauzeitpunkten
A19: Bereich integrierte Produktion | L19: Bereich biologische Produktion
A20: Dieser Bereich ist in die Tabellenblätter "Begr.- Rechner int. Prod." und "Zusammenfassung int. Prod." unterteilt. | L20: Dieser Bereich ist in die Tabellenblätter "Begr.-Rechner BIO" und "Zusammenfasseung BIO" unterteilt.
A21: Der Bereich integrierte Produktion enthält ausgewählte Einzelkulturen, welche für den integriert wirtschaftenden landwirtschaftlichen Betrieb geeignet sind. | L21: Der Bereich BIO enthält ausgewählte Einzelkulturen, welche für biologisch wirtschaftende Betriebe geeignet sind.
L22: Um die Berechnung vollständig ausführen zu können müssen die betreffende Fläche und die geplante Saatgutmenge je ha angeführt werden.
A23: Um die Berechnung vollständig ausführen zu können müssen die betreffende Fläche und die geplante Saatgutmenge je ha angeführt werden.
A24: Die Preise je kg und die Reinsaatstärke können angepasst werden. Oben RECHTS werden relative Saatstärke aus allen gewählten Kulturen und Mischungen, der Preis je ha und die Saatgutmenge je ha angezeigt. | L24: Die Preise je kg und die Reinsaatstärke können angepasst werden. Oben RECHTS werden relative Saatstärke aus allen gewählten Kulturen und Mischungen, der Preis je ha und die Saatgutmenge je ha angezeigt.
C26: ► HIER gelangen Sie gelangen Sie zum Begrünungsrechner | N26: ► Hier gelangen Sie zum Begrünungsrechner BIO
A28: Der Bereich Zusammenfassung integrierte Produktion enthält eine Listung der im Begrünungsrechner ausgewählten Kulturen, den diesbezüglichen Saatgutmengen und Anteilen an der gesamten Mischung. Diese kann anschließend ausgedruckt werden. | L28: Der Bereich Zusammenfassung BIO enthält eine Listung der im Begrünungsrechner ausgewählten Kulturen, den diesbezüglichen Saatgutmengen und Anteilen an der gesamten Mischung. Diese kann anschließend ausgedruckt werden.
C30: ► HIER gelangen Sie zur Zusammenfassung | N30: ► HIER gelangen Sie zur Zusammenfassung BIO

Sheet Begr.-Rechner int. Prod.
A1: Jahr 2023 | B1: Sie können hier den entsprechenden Preis eingeben - die vorausgefüllten Werte entsprechen Durchschnittswerten laut Preisspanne gem. Begrünungstabelle 2022 | C1: angeführte Werte sind Durchschnitts - bzw. Beispielwerte Hier können auch eigene Werte eingetragen werden | E1: MISCHUNGSBERECHNUNG | I1: =IF(OR($I$2="",$I$2=0),"bitte geben Sie HIER die Begrünungsfläche in ha an","Fläche in ha") -> bitte geben Sie HIER die Begrünungsfläche in ha an | J1: Menge in kg/ha geplant | K1: Kosten je ha in € | L1: Mischungs-anteil in % (=relative Saatstärke) | M1: ZUR ZUSAMMENFASSUNG ►
A2: Kulturbezeichnung | B2: Richtpreis/kg | C2: Menge Reinsaat | D2: Kosten/ha bei Reinsaat | E2: Menge/ha | F2: Kosten/ha in € | G2: Saatstärke in % der Reinsaat | H2: Menge in kg | J2: =SUM(E4:E70) -> 0 | K2: =SUM(F4:F70) -> 0 | L2: =SUM(G4:G70) -> 0
A3: Einzelkulturen | E3: ▼ | I3: Pflanzenfamilie | J3: relativer Leguminosenanteil: | L3: ='Zusammenfassung int. Prod.'!H4
A4: Abessinischer Senf | B4: 5.47 | C4: 15 | D4: =IF(ISERROR(C4*B4),0,C4*B4) -> 82.05 | F4: =IF(ISERROR(E4*B4),0,(E4*B4)) -> 0 | G4: =IF(ISERROR(E4/C4),0,(E4/C4)) -> 0 | H4: =IF(ISERROR($I$2*E4),0,($I$2*E4)) -> 0 | I4: Kreuzblütler
A5: Ackerbohne für Gründüngung | B5: 1.4 | C5: 175 | D5: =IF(ISERROR(C5*B5),0,C5*B5) -> 245 | F5: =IF(ISERROR(E5*B5),0,(E5*B5)) -> 0 | G5: =IF(ISERROR(E5/C5),0,(E5/C5)) -> 0 | H5: =IF(ISERROR($I$2*E5),0,($I$2*E5)) -> 0 | I5: Leguminose
A6: Alexandrinerklee | B6: 4.92 | C6: 25 | D6: =IF(ISERROR(C6*B6),0,C6*B6) -> 123 | F6: =IF(ISERROR(E6*B6),0,(E6*B6)) -> 0 | G6: =IF(ISERROR(E6/C6),0,(E6/C6)) -> 0 | H6: =IF(ISERROR($I$2*E6),0,($I$2*E6)) -> 0 | I6: Leguminose
A7: Bastardraygras | B7: 3.15 | C7: 25 | D7: =IF(ISERROR(C7*B7),0,C7*B7) -> 78.75 | F7: =IF(ISERROR(E7*B7),0,(E7*B7)) -> 0 | G7: =IF(ISERROR(E7/C7),0,(E7/C7)) -> 0 | H7: =IF(ISERROR($I$2*E7),0,($I$2*E7)) -> 0 | I7: Gräser
A8: Bitterlupine | B8: 1.56 | C8: 160 | D8: =IF(ISERROR(C8*B8),0,C8*B8) -> 249.6 | F8: =IF(ISERROR(E8*B8),0,(E8*B8)) -> 0 | G8: =IF(ISERROR(E8/C8),0,(E8/C8)) -> 0 | H8: =IF(ISERROR($I$2*E8),0,($I$2*E8)) -> 0 | I8: Leguminose
A9: Buchweizen | B9: 2.16 | C9: 70 | D9: =IF(ISERROR(C9*B9),0,C9*B9) -> 151.2 | F9: =IF(ISERROR(E9*B9),0,(E9*B9)) -> 0 | G9: =IF(ISERROR(E9/C9),0,(E9/C9)) -> 0 | H9: =IF(ISERROR($I$2*E9),0,($I$2*E9)) -> 0 | I9: Knöterichgewächse
A10: Einjähriges Raygras (Westerwoldisches Raygras) | B10: 2.7 | C10: 40 | D10: =IF(ISERROR(C10*B10),0,C10*B10) -> 108 | F10: =IF(ISERROR(E10*B10),0,(E10*B10)) -> 0 | G10: =IF(ISERROR(E10/C10),0,(E10/C10)) -> 0 | H10: =IF(ISERROR($I$2*E10),0,($I$2*E10)) -> 0 | I10: Gräser
A11: Englisches Raygras (Deutsches Weidelgras) | B11: 3.97 | C11: 30 | D11: =IF(ISERROR(C11*B11),0,C11*B11) -> 119.1 | F11: =IF(ISERROR(E11*B11),0,(E11*B11)) -> 0 | G11: =IF(ISERROR(E11/C11),0,(E11/C11)) -> 0 | H11: =IF(ISERROR($I$2*E11),0,($I$2*E11)) -> 0 | I11: Gräser
A12: Esparsette | B12: 3.47 | C12: 180 | D12: =IF(ISERROR(C12*B12),0,C12*B12) -> 624.6 | F12: =IF(ISERROR(E12*B12),0,(E12*B12)) -> 0 | G12: =IF(ISERROR(E12/C12),0,(E12/C12)) -> 0 | H12: =IF(ISERROR($I$2*E12),0,($I$2*E12)) -> 0 | I12: Leguminose
A13: Futtererbse | B13: 1.28 | C13: 160 | D13: =IF(ISERROR(C13*B13),0,C13*B13) -> 204.8 | F13: =IF(ISERROR(E13*B13),0,(E13*B13)) -> 0 | G13: =IF(ISERROR(E13/C13),0,(E13/C13)) -> 0 | H13: =IF(ISERROR($I$2*E13),0,($I$2*E13)) -> 0 | I13: Leguminose
A14: Futterkohl | B14: 14.1 | C14: 4 | D14: =IF(ISERROR(C14*B14),0,C14*B14) -> 56.4 | F14: =IF(ISERROR(E14*B14),0,(E14*B14)) -> 0 | G14: =IF(ISERROR(E14/C14),0,(E14/C14)) -> 0 | H14: =IF(ISERROR($I$2*E14),0,($I$2*E14)) -> 0 | I14: Kreuzblütler
A15: Gelbklee (Hopfenklee) | B15: 8.66 | C15: 30 | D15: =IF(ISERROR(C15*B15),0,C15*B15) -> 259.8 | F15: =IF(ISERROR(E15*B15),0,(E15*B15)) -> 0 | G15: =IF(ISERROR(E15/C15),0,(E15/C15)) -> 0 | H15: =IF(ISERROR($I$2*E15),0,($I$2*E15)) -> 0 | I15: Leguminose
... A63: Zwerghirse | B63: 5.83 | C63: 15 | D63: =IF(ISERROR(C63*B63),0,C63*B63) -> 87.45 | F63: =IF(ISERROR(E63*B63),0,(E63*B63)) -> 0 | G63: =IF(ISERROR(E63/C63),0,(E63/C63)) -> 0 | H63: =IF(ISERROR($I$2*E63),0,($I$2*E63)) -> 0 | I63: Gräser
A64: eigene Kultur 1 | D64: =IF(ISERROR(C64*B64),0,C64*B64) -> 0 | F64: =IF(ISERROR(E64*B64),0,(E64*B64)) -> 0 | G64: =IF(ISERROR(E64/C64),0,(E64/C64)) -> 0 | H64: =IF(ISERROR($I$2*E64),0,($I$2*E64)) -> 0 | J64: insektenblütig JA / NEIN: | M64: Var 6 konform:
A65: eigene Kultur 2 | D65: =IF(ISERROR(C65*B65),0,C65*B65) -> 0 | F65: =IF(ISERROR(E65*B65),0,(E65*B65)) -> 0 | G65: =IF(ISERROR(E65/C65),0,(E65/C65)) -> 0 | H65: =IF(ISERROR($I$2*E65),0,($I$2*E65)) -> 0 | J65: insektenblütig JA / NEIN: | M65: Var 6 konform:
A66: eigene Kultur 3 | D66: =IF(ISERROR(C66*B66),0,C66*B66) -> 0 | F66: =IF(ISERROR(E66*B66),0,(E66*B66)) -> 0 | G66: =IF(ISERROR(E66/C66),0,(E66/C66)) -> 0 | H66: =IF(ISERROR($I$2*E66),0,($I$2*E66)) -> 0 | J66: insektenblütig JA / NEIN: | M66: Var 6 konform:
A67: eigene Kultur 4 | D67: =IF(ISERROR(C67*B67),0,C67*B67) -> 0 | F67: =IF(ISERROR(E67*B67),0,(E67*B67)) -> 0 | G67: =IF(ISERROR(E67/C67),0,(E67/C67)) -> 0 | H67: =IF(ISERROR($I$2*E67),0,($I$2*E67)) -> 0 | J67: insektenblütig JA / NEIN: | M67: Var 6 konform:
A68: eigene Kultur 5 | D68: =IF(ISERROR(C68*B68),0,C68*B68) -> 0 | F68: =IF(ISERROR(E68*B68),0,(E68*B68)) -> 0 | G68: =IF(ISERROR(E68/C68),0,(E68/C68)) -> 0 | H68: =IF(ISERROR($I$2*E68),0,($I$2*E68)) -> 0 | J68: insektenblütig JA / NEIN: | M68: Var 6 konform:
A69: eigene Kultur 6 | D69: =IF(ISERROR(C69*B69),0,C69*B69) -> 0 | F69: =IF(ISERROR(E69*B69),0,(E69*B69)) -> 0 | G69: =IF(ISERROR(E69/C69),0,(E69/C69)) -> 0 | H69: =IF(ISERROR($I$2*E69),0,($I$2*E69)) -> 0 | J69: insektenblütig JA / NEIN: | M69: Var 6 konform:
A70: eigene Kultur 7 | D70: =IF(ISERROR(C70*B70),0,C70*B70) -> 0 | F70: =IF(ISERROR(E70*B70),0,(E70*B70)) -> 0 | G70: =IF(ISERROR(E70/C70),0,(E70/C70)) -> 0 | H70: =IF(ISERROR($I$2*E70),0,($I$2*E70)) -> 0 | J70: insektenblütig JA / NEIN: | M70: Var 6 konform:

Sheet Zusammenfassung int. Prod.
A1: Zusammenfassung der gewählten Kulturen / Mischungen | I1: ZURÜCK ZUM BEGRÜNUNGSRECHNER integrierte Produktion ◄ | K1: ◄ ZURÜCK ZUR STARTSEITE / BEDIENUNGSANLEITUNG
A3: Fläche in ha | B3: Menge in kg/ha geplant | C3: Kosten/ha | D3: Mischungs-anteil in % (=relative Saatstärke) | E3: =CONCATENATE("Kosten in € für die Gesamtfläche von ",'Begr.-Rechner int. Prod.'!$I$2," ha") -> Kosten in € für die Gesamtfläche von ha | F3: geeignet für ÖPUL Begrünungsvarianten gem. ÖPUL 2023 | H3: Mischungsanteil Leguminosen (relativer Reinsaatanteil)
A4: =IF('Begr.-Rechner int. Prod.'!$I$2<>"",CONCATENATE('Begr.-Rechner int. Prod.'!$I$2," ha"),"") | B4: =IF('Begr.-Rechner int. Prod.'!$J$2>0,CONCATENATE('Begr.-Rechner int. Prod.'!$J$2, " kg/ha"),"") | C4: =IF('Begr.-Rechner int. Prod.'!$K$2>0,CONCATENATE('Begr.-Rechner int. Prod.'!$K$2," €"),"") | D4: =IF('Begr.-Rechner int. Prod.'!$L$2>0,'Begr.-Rechner int. Prod.'!$L$2,"") | E4: =IF(SUM(F7:F27)>0,CONCATENATE(SUM(F7:F27)," €"),"") | F4: =IF(AND('Konventionell (2)'!Z3="",'Konventionell (2)'!Z4="",'Konventionell (2)'!Z5="",'Konventionell (2)'!Z6="",'Konventionell (2)'!Z7="",'Konventionell (2)'!Z8="",'Konventionell (2)'!Z9="",'Konventionell (2)'!J2>0),'Konventionell (2)'!Z10,CONCATENATE('Konventionell (2)'!Z3,'Konventionell (2)'!Z4,'Konventionell (2)'!Z5,'Konventionell (2)'!Z6,'Konventionell (2)'!Z7,'Konventionell (2)'!Z8,'Konventionell (2)'!Z9)) | H4: =IF(AND($D4>0,$O$28=0),$O$28,IF(AND($D4>0,$O$28>0),$O$28,"")) | I4: =IF('Konventionell (2)'!$R$3="ja","* zulässige Begrünungskulturen gem. Variante 6 beachten: - Grünschnittroggen nach Saatgutgesetz, - Wintererbse lt. Saatgutgesetz, - Pannonische Wicke, Zottelwicke; Winterackerbohne, Winterrübsen (inkl. Perko)","")
A6: Kulturbezeichnung | B6: Menge/ha | C6: Kosten/ha in € | D6: Saatstärke in % der Reinsaat | E6: Saatgutmenge je Kultur bzw. Mischung in kg | F6: Kosten je Kultur | G6: Pflanzenfamilie
A7: {=IFERROR(INDEX('Konventionell (2)'!A:A,SMALL(IF('Konventionell (2)'!$E$3:$E$71>0,ROW($3:$69)),ROW(A1))),"")} | B7: {=IFERROR(INDEX('Konventionell (2)'!E:E,SMALL(IF('Konventionell (2)'!$E$3:$E$71>0,ROW($3:$69)),ROW(A1))),"")} | C7: {=IFERROR(INDEX('Konventionell (2)'!F:F,SMALL(IF('Konventionell (2)'!$E$3:$E$71>0,ROW($3:$69)),ROW(A1))),"")} | D7: {=IFERROR(INDEX('Konventionell (2)'!G:G,SMALL(IF('Konventionell (2)'!$E$3:$E$71>0,ROW($3:$69)),ROW(A1))),"")} | E7: {=IFERROR(INDEX('Konventionell (2)'!H:H,SMALL(IF('Konventionell (2)'!$E$3:$E$71>0,ROW($3:$69)),ROW(A1))),"")} | F7: =IF(A7="","",C7*'Begr.-Rechner int. Prod.'!$I$2) | G7: =IFERROR(VLOOKUP(A7,'Konventionell (2)'!$A$3:$I$71,9,0),"") | N7: =IF($G7="Leguminose",D7,0) -> 0
A8: {=IFERROR(INDEX('Konventionell (2)'!A:A,SMALL(IF('Konventionell (2)'!$E$3:$E$71>0,ROW($3:$69)),ROW(A2))),"")} | B8: {=IFERROR(INDEX('Konventionell (2)'!E:E,SMALL(IF('Konventionell (2)'!$E$3:$E$71>0,ROW($3:$69)),ROW(A2))),"")} | C8: {=IFERROR(INDEX('Konventionell (2)'!F:F,SMALL(IF('Konventionell (2)'!$E$3:$E$71>0,ROW($3:$69)),ROW(A2))),"")} | D8: {=IFERROR(INDEX('Konventionell (2)'!G:G,SMALL(IF('Konventionell (2)'!$E$3:$E$71>0,ROW($3:$69)),ROW(A2))),"")} | E8: {=IFERROR(INDEX('Konventionell (2)'!H:H,SMALL(IF('Konventionell (2)'!$E$3:$E$71>0,ROW($3:$69)),ROW(A2))),"")} | F8: =IF(A8="","",C8*'Begr.-Rechner int. Prod.'!$I$2) | G8: =IFERROR(VLOOKUP(A8,'Konventionell (2)'!$A$3:$I$71,9,0),"") | N8: =IF($G8="Leguminose",D8,0) -> 0
A9: {=IFERROR(INDEX('Konventionell (2)'!A:A,SMALL(IF('Konventionell (2)'!$E$3:$E$71>0,ROW($3:$69)),ROW(A3))),"")} | B9: {=IFERROR(INDEX('Konventionell (2)'!E:E,SMALL(IF('Konventionell (2)'!$E$3:$E$71>0,ROW($3:$69)),ROW(A3))),"")} | C9: {=IFERROR(INDEX('Konventionell (2)'!F:F,SMALL(IF('Konventionell (2)'!$E$3:$E$71>0,ROW($3:$69)),ROW(A3))),"")} | D9: {=IFERROR(INDEX('Konventionell (2)'!G:G,SMALL(IF('Konventionell (2)'!$E$3:$E$71>0,ROW($3:$69)),ROW(A3))),"")} | E9: {=IFERROR(INDEX('Konventionell (2)'!H:H,SMALL(IF('Konventionell (2)'!$E$3:$E$71>0,ROW($3:$69)),ROW(A3))),"")} | F9: =IF(A9="","",C9*'Begr.-Rechner int. Prod.'!$I$2) | G9: =IFERROR(VLOOKUP(A9,'Konventionell (2)'!$A$3:$I$71,9,0),"") | N9: =IF($G9="Leguminose",D9,0) -> 0
A10: {=IFERROR(INDEX('Konventionell (2)'!A:A,SMALL(IF('Konventionell (2)'!$E$3:$E$71>0,ROW($3:$69)),ROW(A4))),"")} | B10: {=IFERROR(INDEX('Konventionell (2)'!E:E,SMALL(IF('Konventionell (2)'!$E$3:$E$71>0,ROW($3:$69)),ROW(A4))),"")} | C10: {=IFERROR(INDEX('Konventionell (2)'!F:F,SMALL(IF('Konventionell (2)'!$E$3:$E$71>0,ROW($3:$69)),ROW(A4))),"")} | D10: {=IFERROR(INDEX('Konventionell (2)'!G:G,SMALL(IF('Konventionell (2)'!$E$3:$E$71>0,ROW($3:$69)),ROW(A4))),"")} | E10: {=IFERROR(INDEX('Konventionell (2)'!H:H,SMALL(IF('Konventionell (2)'!$E$3:$E$71>0,ROW($3:$69)),ROW(A4))),"")} | F10: =IF(A10="","",C10*'Begr.-Rechner int. Prod.'!$I$2) | G10: =IFERROR(VLOOKUP(A10,'Konventionell (2)'!$A$3:$I$71,9,0),"") | N10: =IF($G10="Leguminose",D10,0) -> 0
A11: {=IFERROR(INDEX('Konventionell (2)'!A:A,SMALL(IF('Konventionell (2)'!$E$3:$E$71>0,ROW($3:$69)),ROW(A5))),"")} | B11: {=IFERROR(INDEX('Konventionell (2)'!E:E,SMALL(IF('Konventionell (2)'!$E$3:$E$71>0,ROW($3:$69)),ROW(A5))),"")} | C11: {=IFERROR(INDEX('Konventionell (2)'!F:F,SMALL(IF('Konventionell (2)'!$E$3:$E$71>0,ROW($3:$69)),ROW(A5))),"")} | D11: {=IFERROR(INDEX('Konventionell (2)'!G:G,SMALL(IF('Konventionell (2)'!$E$3:$E$71>0,ROW($3:$69)),ROW(A5))),"")} | E11: {=IFERROR(INDEX('Konventionell (2)'!H:H,SMALL(IF('Konventionell (2)'!$E$3:$E$71>0,ROW($3:$69)),ROW(A5))),"")} | F11: =IF(A11="","",C11*'Begr.-Rechner int. Prod.'!$I$2) | G11: =IFERROR(VLOOKUP(A11,'Konventionell (2)'!$A$3:$I$71,9,0),"") | N11: =IF($G11="Leguminose",D11,0) -> 0
A12: {=IFERROR(INDEX('Konventionell (2)'!A:A,SMALL(IF('Konventionell (2)'!$E$3:$E$71>0,ROW($3:$69)),ROW(A6))),"")} | B12: {=IFERROR(INDEX('Konventionell (2)'!E:E,SMALL(IF('Konventionell (2)'!$E$3:$E$71>0,ROW($3:$69)),ROW(A6))),"")} | C12: {=IFERROR(INDEX('Konventionell (2)'!F:F,SMALL(IF('Konventionell (2)'!$E$3:$E$71>0,ROW($3:$69)),ROW(A6))),"")} | D12: {=IFERROR(INDEX('Konventionell (2)'!G:G,SMALL(IF('Konventionell (2)'!$E$3:$E$71>0,ROW($3:$69)),ROW(A6))),"")} | E12: {=IFERROR(INDEX('Konventionell (2)'!H:H,SMALL(IF('Konventionell (2)'!$E$3:$E$71>0,ROW($3:$69)),ROW(A6))),"")} | F12: =IF(A12="","",C12*'Begr.-Rechner int. Prod.'!$I$2) | G12: =IFERROR(VLOOKUP(A12,'Konventionell (2)'!$A$3:$I$71,9,0),"") | N12: =IF($G12="Leguminose",D12,0) -> 0
A13: {=IFERROR(INDEX('Konventionell (2)'!A:A,SMALL(IF('Konventionell (2)'!$E$3:$E$71>0,ROW($3:$69)),ROW(A7))),"")} | B13: {=IFERROR(INDEX('Konventionell (2)'!E:E,SMALL(IF('Konventionell (2)'!$E$3:$E$71>0,ROW($3:$69)),ROW(A7))),"")} | C13: {=IFERROR(INDEX('Konventionell (2)'!F:F,SMALL(IF('Konventionell (2)'!$E$3:$E$71>0,ROW($3:$69)),ROW(A7))),"")} | D13: {=IFERROR(INDEX('Konventionell (2)'!G:G,SMALL(IF('Konventionell (2)'!$E$3:$E$71>0,ROW($3:$69)),ROW(A7))),"")} | E13: {=IFERROR(INDEX('Konventionell (2)'!H:H,SMALL(IF('Konventionell (2)'!$E$3:$E$71>0,ROW($3:$69)),ROW(A7))),"")} | F13: =IF(A13="","",C13*'Begr.-Rechner int. Prod.'!$I$2) | G13: =IFERROR(VLOOKUP(A13,'Konventionell (2)'!$A$3:$I$71,9,0),"") | N13: =IF($G13="Leguminose",D13,0) -> 0
A14: {=IFERROR(INDEX('Konventionell (2)'!A:A,SMALL(IF('Konventionell (2)'!$E$3:$E$71>0,ROW($3:$69)),ROW(A8))),"")} | B14: {=IFERROR(INDEX('Konventionell (2)'!E:E,SMALL(IF('Konventionell (2)'!$E$3:$E$71>0,ROW($3:$69)),ROW(A8))),"")} | C14: {=IFERROR(INDEX('Konventionell (2)'!F:F,SMALL(IF('Konventionell (2)'!$E$3:$E$71>0,ROW($3:$69)),ROW(A8))),"")} | D14: {=IFERROR(INDEX('Konventionell (2)'!G:G,SMALL(IF('Konventionell (2)'!$E$3:$E$71>0,ROW($3:$69)),ROW(A8))),"")} | E14: {=IFERROR(INDEX('Konventionell (2)'!H:H,SMALL(IF('Konventionell (2)'!$E$3:$E$71>0,ROW($3:$69)),ROW(A8))),"")} | F14: =IF(A14="","",C14*'Begr.-Rechner int. Prod.'!$I$2) | G14: =IFERROR(VLOOKUP(A14,'Konventionell (2)'!$A$3:$I$71,9,0),"") | N14: =IF($G14="Leguminose",D14,0) -> 0
A15: {=IFERROR(INDEX('Konventionell (2)'!A:A,SMALL(IF('Konventionell (2)'!$E$3:$E$71>0,ROW($3:$69)),ROW(A9))),"")} | B15: {=IFERROR(INDEX('Konventionell (2)'!E:E,SMALL(IF('Konventionell (2)'!$E$3:$E$71>0,ROW($3:$69)),ROW(A9))),"")} | C15: {=IFERROR(INDEX('Konventionell (2)'!F:F,SMALL(IF('Konventionell (2)'!$E$3:$E$71>0,ROW($3:$69)),ROW(A9))),"")} | D15: {=IFERROR(INDEX('Konventionell (2)'!G:G,SMALL(IF('Konventionell (2)'!$E$3:$E$71>0,ROW($3:$69)),ROW(A9))),"")} | E15: {=IFERROR(INDEX('Konventionell (2)'!H:H,SMALL(IF('Konventionell (2)'!$E$3:$E$71>0,ROW($3:$69)),ROW(A9))),"")} | F15: =IF(A15="","",C15*'Begr.-Rechner int. Prod.'!$I$2) | G15: =IFERROR(VLOOKUP(A15,'Konventionell (2)'!$A$3:$I$71,9,0),"") | N15: =IF($G15="Leguminose",D15,0) -> 0
A16: {=IFERROR(INDEX('Konventionell (2)'!A:A,SMALL(IF('Konventionell (2)'!$E$3:$E$71>0,ROW($3:$69)),ROW(A10))),"")} | B16: {=IFERROR(INDEX('Konventionell (2)'!E:E,SMALL(IF('Konventionell (2)'!$E$3:$E$71>0,ROW($3:$69)),ROW(A10))),"")} | C16: {=IFERROR(INDEX('Konventionell (2)'!F:F,SMALL(IF('Konventionell (2)'!$E$3:$E$71>0,ROW($3:$69)),ROW(A10))),"")} | D16: {=IFERROR(INDEX('Konventionell (2)'!G:G,SMALL(IF('Konventionell (2)'!$E$3:$E$71>0,ROW($3:$69)),ROW(A10))),"")} | E16: {=IFERROR(INDEX('Konventionell (2)'!H:H,SMALL(IF('Konventionell (2)'!$E$3:$E$71>0,ROW($3:$69)),ROW(A10))),"")} | F16: =IF(A16="","",C16*'Begr.-Rechner int. Prod.'!$I$2) | G16: =IFERROR(VLOOKUP(A16,'Konventionell (2)'!$A$3:$I$71,9,0),"") | N16: =IF($G16="Leguminose",D16,0) -> 0
A17: {=IFERROR(INDEX('Konventionell (2)'!A:A,SMALL(IF('Konventionell (2)'!$E$3:$E$71>0,ROW($3:$69)),ROW(A11))),"")} | B17: {=IFERROR(INDEX('Konventionell (2)'!E:E,SMALL(IF('Konventionell (2)'!$E$3:$E$71>0,ROW($3:$69)),ROW(A11))),"")} | C17: {=IFERROR(INDEX('Konventionell (2)'!F:F,SMALL(IF('Konventionell (2)'!$E$3:$E$71>0,ROW($3:$69)),ROW(A11))),"")} | D17: {=IFERROR(INDEX('Konventionell (2)'!G:G,SMALL(IF('Konventionell (2)'!$E$3:$E$71>0,ROW($3:$69)),ROW(A11))),"")} | E17: {=IFERROR(INDEX('Konventionell (2)'!H:H,SMALL(IF('Konventionell (2)'!$E$3:$E$71>0,ROW($3:$69)),ROW(A11))),"")} | F17: =IF(A17="","",C17*'Begr.-Rechner int. Prod.'!$I$2) | G17: =IFERROR(VLOOKUP(A17,'Konventionell (2)'!$A$3:$I$71,9,0),"") | N17: =IF($G17="Leguminose",D17,0) -> 0
A18: {=IFERROR(INDEX('Konventionell (2)'!A:A,SMALL(IF('Konventionell (2)'!$E$3:$E$71>0,ROW($3:$69)),ROW(A12))),"")} | B18: {=IFERROR(INDEX('Konventionell (2)'!E:E,SMALL(IF('Konventionell (2)'!$E$3:$E$71>0,ROW($3:$69)),ROW(A12))),"")} | C18: {=IFERROR(INDEX('Konventionell (2)'!F:F,SMALL(IF('Konventionell (2)'!$E$3:$E$71>0,ROW($3:$69)),ROW(A12))),"")} | D18: {=IFERROR(INDEX('Konventionell (2)'!G:G,SMALL(IF('Konventionell (2)'!$E$3:$E$71>0,ROW($3:$69)),ROW(A12))),"")} | E18: {=IFERROR(INDEX('Konventionell (2)'!H:H,SMALL(IF('Konventionell (2)'!$E$3:$E$71>0,ROW($3:$69)),ROW(A12))),"")} | F18: =IF(A18="","",C18*'Begr.-Rechner int. Prod.'!$I$2) | G18: =IFERROR(VLOOKUP(A18,'Konventionell (2)'!$A$3:$I$71,9,0),"") | N18: =IF($G18="Leguminose",D18,0) -> 0
... A27: {=IFERROR(INDEX('Konventionell (2)'!A:A,SMALL(IF('Konventionell (2)'!$E$3:$E$71>0,ROW($3:$69)),ROW(A21))),"")} | B27: {=IFERROR(INDEX('Konventionell (2)'!E:E,SMALL(IF('Konventionell (2)'!$E$3:$E$71>0,ROW($3:$69)),ROW(A21))),"")} | C27: {=IFERROR(INDEX('Konventionell (2)'!F:F,SMALL(IF('Konventionell (2)'!$E$3:$E$71>0,ROW($3:$69)),ROW(A21))),"")} | D27: {=IFERROR(INDEX('Konventionell (2)'!G:G,SMALL(IF('Konventionell (2)'!$E$3:$E$71>0,ROW($3:$69)),ROW(A21))),"")} | E27: {=IFERROR(INDEX('Konventionell (2)'!H:H,SMALL(IF('Konventionell (2)'!$E$3:$E$71>0,ROW($3:$69)),ROW(A21))),"")} | F27: =IF(A27="","",C27*'Begr.-Rechner int. Prod.'!$I$2) | G27: =IFERROR(VLOOKUP(A27,'Konventionell (2)'!$A$3:$I$71,9,0),"") | N27: =IF($G27="Leguminose",D27,0) -> 0
N28: =SUM(N7:N27) -> 0 | O28: =IF(D4<>"",N28/D4,"")

Sheet Begr.-Rechner BIO
A1: Jahr 2023 | B1: Sie können hier den entsprechenden Preis eingeben - die vorausgefüllten Werte entsprechen Durchschnittswerten laut Preisspanne gem. Begrünungstabelle 2021 | C1: angeführte Werte sind Durchschnitts - bzw. Beispielwerte HIER können auch eigene Werte eingegeben werden | E1: MISCHUNGSBERECHNUNG | I1: =IF(OR($I$2="",$I$2=0),"bitte geben Sie HIER die Begrünungsfläche in ha an","Fläche in ha") -> bitte geben Sie HIER die Begrünungsfläche in ha an | J1: Menge in kg/ha geplant | K1: Kosten je ha in € | L1: Mischungs-anteil in % (=relative Saatstärke) | M1: ZUR ZUSAMMENFASSUNG ►
B2: Richtpreis/kg | C2: Reinsaat-menge | D2: Kosten/ha bei Reinsaat | E2: Menge/ha | F2: Kosten/ha in € | G2: Saatstärke in % der Reinsaat | H2: Menge in kg | J2: =SUM(E4:E36) -> 0 | K2: =SUM(F4:F36) -> 0 | L2: =SUM(G4:G36) -> 0
A3: Einzelkulturen | E3: ▼ | I3: Pflanzenfamilie | J3: relativer Leguminosenanteil: | L3: ='Zusammenfassung BIO'!$H$4
A4: Alexandrinerklee BIO | B4: 5.9 | C4: 25 | D4: =IF(ISERROR(C4*B4),0,C4*B4) -> 147.5 | F4: =IF(ISERROR(E4*B4),0,(E4*B4)) -> 0 | G4: =IF(ISERROR(E4/C4),0,(E4/C4)) -> 0 | H4: =IF(ISERROR($I$2*E4),0,($I$2*E4)) -> 0 | I4: Leguminose
A5: Buchweizen BIO | B5: 2.92 | C5: 70 | D5: =IF(ISERROR(C5*B5),0,C5*B5) -> 204.4 | F5: =IF(ISERROR(E5*B5),0,(E5*B5)) -> 0 | G5: =IF(ISERROR(E5/C5),0,(E5/C5)) -> 0 | H5: =IF(ISERROR($I$2*E5),0,($I$2*E5)) -> 0 | I5: Knöterichgewächse
A6: Einjähriges Raygras BIO | B6: 3.71 | C6: 40 | D6: =IF(ISERROR(C6*B6),0,C6*B6) -> 148.4 | F6: =IF(ISERROR(E6*B6),0,(E6*B6)) -> 0 | G6: =IF(ISERROR(E6/C6),0,(E6/C6)) -> 0 | H6: =IF(ISERROR($I$2*E6),0,($I$2*E6)) -> 0 | I6: Gräser
A7: Englisches Raygras BIO | B7: 7.09 | C7: 30 | D7: =IF(ISERROR(C7*B7),0,C7*B7) -> 212.7 | F7: =IF(ISERROR(E7*B7),0,(E7*B7)) -> 0 | G7: =IF(ISERROR(E7/C7),0,(E7/C7)) -> 0 | H7: =IF(ISERROR($I$2*E7),0,($I$2*E7)) -> 0 | I7: Gräser
A8: Futtererbse BIO | B8: 1.7 | C8: 160 | D8: =IF(ISERROR(C8*B8),0,C8*B8) -> 272 | F8: =IF(ISERROR(E8*B8),0,(E8*B8)) -> 0 | G8: =IF(ISERROR(E8/C8),0,(E8/C8)) -> 0 | H8: =IF(ISERROR($I$2*E8),0,($I$2*E8)) -> 0 | I8: Leguminose
A9: Hirse BIO | B9: 4.82 | C9: 15 | D9: =IF(ISERROR(C9*B9),0,C9*B9) -> 72.3 | F9: =IF(ISERROR(E9*B9),0,(E9*B9)) -> 0 | G9: =IF(ISERROR(E9/C9),0,(E9/C9)) -> 0 | H9: =IF(ISERROR($I$2*E9),0,($I$2*E9)) -> 0 | I9: Gräser
A10: Inkarnatklee BIO | B10: 5.33 | C10: 30 | D10: =IF(ISERROR(C10*B10),0,C10*B10) -> 159.9 | F10: =IF(ISERROR(E10*B10),0,(E10*B10)) -> 0 | G10: =IF(ISERROR(E10/C10),0,(E10/C10)) -> 0 | H10: =IF(ISERROR($I$2*E10),0,($I$2*E10)) -> 0 | I10: Leguminose
A11: Italienisches Raygras BIO | B11: 3.58 | C11: 40 | D11: =IF(ISERROR(C11*B11),0,C11*B11) -> 143.2 | F11: =IF(ISERROR(E11*B11),0,(E11*B11)) -> 0 | G11: =IF(ISERROR(E11/C11),0,(E11/C11)) -> 0 | H11: =IF(ISERROR($I$2*E11),0,($I$2*E11)) -> 0 | I11: Gräser
A12: Kresse BIO | B12: 11.61 | C12: 10 | D12: =IF(ISERROR(C12*B12),0,C12*B12) -> 116.1 | F12: =IF(ISERROR(E12*B12),0,(E12*B12)) -> 0 | G12: =IF(ISERROR(E12/C12),0,(E12/C12)) -> 0 | H12: =IF(ISERROR($I$2*E12),0,($I$2*E12)) -> 0 | I12: Kreuzblütler
A13: Leindotter BIO | B13: 9.03 | C13: 10 | D13: =IF(ISERROR(C13*B13),0,C13*B13) -> 90.3 | F13: =IF(ISERROR(E13*B13),0,(E13*B13)) -> 0 | G13: =IF(ISERROR(E13/C13),0,(E13/C13)) -> 0 | H13: =IF(ISERROR($I$2*E13),0,($I$2*E13)) -> 0 | I13: Kreuzblütler
A14: Linse Sorte Klaus BIO | B14: 6.07 | C14: 80 | D14: =IF(ISERROR(C14*B14),0,C14*B14) -> 485.6 | F14: =IF(ISERROR(E14*B14),0,(E14*B14)) -> 0 | G14: =IF(ISERROR(E14/C14),0,(E14/C14)) -> 0 | H14: =IF(ISERROR($I$2*E14),0,($I$2*E14)) -> 0 | I14: Leguminose
A15: Luzerne BIO | B15: 8.13 | C15: 25 | D15: =IF(ISERROR(C15*B15),0,C15*B15) -> 203.25 | F15: =IF(ISERROR(E15*B15),0,(E15*B15)) -> 0 | G15: =IF(ISERROR(E15/C15),0,(E15/C15)) -> 0 | H15: =IF(ISERROR($I$2*E15),0,($I$2*E15)) -> 0 | I15: Leguminose
... A29: Winterwicke Pannonisch BIO | B29: 3.15 | C29: 90 | D29: =IF(ISERROR(C29*B29),0,C29*B29) -> 283.5 | F29: =IF(ISERROR(E29*B29),0,(E29*B29)) -> 0 | G29: =IF(ISERROR(E29/C29),0,(E29/C29)) -> 0 | H29: =IF(ISERROR($I$2*E29),0,($I$2*E29)) -> 0 | I29: Leguminose
A30: eigene Kultur 1 | D30: =IF(ISERROR(C30*B30),0,C30*B30) -> 0 | F30: =IF(ISERROR(E30*B30),0,(E30*B30)) -> 0 | G30: =IF(ISERROR(E30/C30),0,(E30/C30)) -> 0 | H30: =IF(ISERROR($I$2*E30),0,($I$2*E30)) -> 0 | J30: insektenblütig JA / NEIN: | M30: Var 6 konform:
A31: eigene Kultur 2 | D31: =IF(ISERROR(C31*B31),0,C31*B31) -> 0 | F31: =IF(ISERROR(E31*B31),0,(E31*B31)) -> 0 | G31: =IF(ISERROR(E31/C31),0,(E31/C31)) -> 0 | H31: =IF(ISERROR($I$2*E31),0,($I$2*E31)) -> 0 | J31: insektenblütig JA / NEIN: | M31: Var 6 konform:
A32: eigene Kultur 3 | D32: =IF(ISERROR(C32*B32),0,C32*B32) -> 0 | F32: =IF(ISERROR(E32*B32),0,(E32*B32)) -> 0 | G32: =IF(ISERROR(E32/C32),0,(E32/C32)) -> 0 | H32: =IF(ISERROR($I$2*E32),0,($I$2*E32)) -> 0 | J32: insektenblütig JA / NEIN: | M32: Var 6 konform:
A33: eigene Kultur 4 | D33: =IF(ISERROR(C33*B33),0,C33*B33) -> 0 | F33: =IF(ISERROR(E33*B33),0,(E33*B33)) -> 0 | G33: =IF(ISERROR(E33/C33),0,(E33/C33)) -> 0 | H33: =IF(ISERROR($I$2*E33),0,($I$2*E33)) -> 0 | J33: insektenblütig JA / NEIN: | M33: Var 6 konform:
A34: eigene Kultur 5 | D34: =IF(ISERROR(C34*B34),0,C34*B34) -> 0 | F34: =IF(ISERROR(E34*B34),0,(E34*B34)) -> 0 | G34: =IF(ISERROR(E34/C34),0,(E34/C34)) -> 0 | H34: =IF(ISERROR($I$2*E34),0,($I$2*E34)) -> 0 | J34: insektenblütig JA / NEIN: | M34: Var 6 konform:
A35: eigene Kultur 6 | D35: =IF(ISERROR(C35*B35),0,C35*B35) -> 0 | F35: =IF(ISERROR(E35*B35),0,(E35*B35)) -> 0 | G35: =IF(ISERROR(E35/C35),0,(E35/C35)) -> 0 | H35: =IF(ISERROR($I$2*E35),0,($I$2*E35)) -> 0 | J35: insektenblütig JA / NEIN: | M35: Var 6 konform:
A36: eigene Kultur 7 | D36: =IF(ISERROR(C36*B36),0,C36*B36) -> 0 | F36: =IF(ISERROR(E36*B36),0,(E36*B36)) -> 0 | G36: =IF(ISERROR(E36/C36),0,(E36/C36)) -> 0 | H36: =IF(ISERROR($I$2*E36),0,($I$2*E36)) -> 0 | J36: insektenblütig JA / NEIN: | M36: Var 6 konform:

Sheet Zusammenfassung BIO
A1: Zusammenfassung der gewählten Kulturen / Mischungen | I1: ZURÜCK ZUM BEGRÜNUNGSRECHNER BIO ◄ | K1: ◄ ZURÜCK ZUR STARTSEITE / BEDIENUNGSANLEITUNG
A3: Fläche in ha | B3: Menge in kg/ha geplant | C3: Kosten/ha | D3: Mischungs-anteil in % (=relative Saatstärke) | E3: =CONCATENATE("Kosten in € für die Gesamtfläche von ",'Begr.-Rechner BIO'!I2," ha") -> Kosten in € für die Gesamtfläche von ha | F3: geeignet für ÖPUL Begrünungsvarianten gem. ÖPUL 2023 | H3: Mischungsanteil Leguminosen (relativer Reinsaatanteil)
A4: =IF('Begr.-Rechner BIO'!$I$2<>"",CONCATENATE('Begr.-Rechner BIO'!$I$2," ha"),"") | B4: =IF('Begr.-Rechner BIO'!$J$2>0,CONCATENATE('Begr.-Rechner BIO'!$J$2, " kg/ha"),"") | C4: =IF('Begr.-Rechner BIO'!$K$2>0,CONCATENATE('Begr.-Rechner BIO'!$K$2," €"),"") | D4: =IF('Begr.-Rechner BIO'!$L$2>0,'Begr.-Rechner BIO'!$L$2,"") | E4: =IF(SUM(F7:F27)>0,CONCATENATE(SUM(F7:F27)," €"),"") | F4: =IF(AND('BIO (2)'!Z3="",'BIO (2)'!Z4="",'BIO (2)'!Z5="",'BIO (2)'!Z6="",'BIO (2)'!Z7="",'BIO (2)'!Z8="",'BIO (2)'!Z9="",'BIO (2)'!J2>0),'BIO (2)'!Z10,CONCATENATE('BIO (2)'!Z3,'BIO (2)'!Z4,'BIO (2)'!Z5,'BIO (2)'!Z6,'BIO (2)'!Z7,'BIO (2)'!Z8,'BIO (2)'!Z9)) | H4: =IF(AND($D4>0,$O$28=0),$O$28,IF(AND($D4>0,$O$28>0),$O$28,"")) | I4: =IF('BIO (2)'!$R$3="ja","* zulässige Begrünungskulturen gem. Variante 6 beachten: - Grünschnittroggen nach Saatgutgesetz, - Wintererbse lt. Saatgutgesetz, - Pannonische Wicke, Zottelwicke, Winterackerbohne, Winterrübsen (inkl. Perko)","")
A6: Kulturbezeichnung | B6: Menge/ha | C6: Kosten/ha in € | D6: Saatstärke in % der Reinsaat | E6: Saatgutmenge je Kultur bzw. Mischung in kg | F6: Kosten je Kultur | G6: Pflanzenfamilie
A7: {=IFERROR(INDEX('BIO (2)'!A:A,SMALL(IF('BIO (2)'!$E$3:$E$36>0,ROW($3:$36)),ROW(A1))),"")} | B7: {=IFERROR(INDEX('BIO (2)'!E:E,SMALL(IF('BIO (2)'!$E$3:$E$36>0,ROW($3:$36)),ROW(A1))),"")} | C7: {=IFERROR(INDEX('BIO (2)'!F:F,SMALL(IF('BIO (2)'!$E$3:$E$36>0,ROW($3:$36)),ROW(A1))),"")} | D7: {=IFERROR(INDEX('BIO (2)'!G:G,SMALL(IF('BIO (2)'!$E$3:$E$36>0,ROW($3:$36)),ROW(A1))),"")} | E7: {=IFERROR(INDEX('BIO (2)'!H:H,SMALL(IF('BIO (2)'!$E$3:$E$36>0,ROW($3:$36)),ROW(A1))),"")} | F7: =IF(A7="","",C7*'Begr.-Rechner BIO'!$I$2) | G7: =IFERROR(VLOOKUP(A7,'BIO (2)'!A3:I35,9,0),IF('BIO (2)'!I3="","","")) | N7: =IF($G7="Leguminose",D7,0) -> 0
A8: {=IFERROR(INDEX('BIO (2)'!A:A,SMALL(IF('BIO (2)'!$E$3:$E$36>0,ROW($3:$36)),ROW(A2))),"")} | B8: {=IFERROR(INDEX('BIO (2)'!E:E,SMALL(IF('BIO (2)'!$E$3:$E$36>0,ROW($3:$36)),ROW(A2))),"")} | C8: {=IFERROR(INDEX('BIO (2)'!F:F,SMALL(IF('BIO (2)'!$E$3:$E$36>0,ROW($3:$36)),ROW(A2))),"")} | D8: {=IFERROR(INDEX('BIO (2)'!G:G,SMALL(IF('BIO (2)'!$E$3:$E$36>0,ROW($3:$36)),ROW(A2))),"")} | E8: {=IFERROR(INDEX('BIO (2)'!H:H,SMALL(IF('BIO (2)'!$E$3:$E$36>0,ROW($3:$36)),ROW(A2))),"")} | F8: =IF(A8="","",C8*'Begr.-Rechner BIO'!$I$2) | G8: =IFERROR(VLOOKUP(A8,'BIO (2)'!A4:I36,9,0),IF('BIO (2)'!I4="","","")) | N8: =IF($G8="Leguminose",D8,0) -> 0
A9: {=IFERROR(INDEX('BIO (2)'!A:A,SMALL(IF('BIO (2)'!$E$3:$E$36>0,ROW($3:$36)),ROW(A3))),"")} | B9: {=IFERROR(INDEX('BIO (2)'!E:E,SMALL(IF('BIO (2)'!$E$3:$E$36>0,ROW($3:$36)),ROW(A3))),"")} | C9: {=IFERROR(INDEX('BIO (2)'!F:F,SMALL(IF('BIO (2)'!$E$3:$E$36>0,ROW($3:$36)),ROW(A3))),"")} | D9: {=IFERROR(INDEX('BIO (2)'!G:G,SMALL(IF('BIO (2)'!$E$3:$E$36>0,ROW($3:$36)),ROW(A3))),"")} | E9: {=IFERROR(INDEX('BIO (2)'!H:H,SMALL(IF('BIO (2)'!$E$3:$E$36>0,ROW($3:$36)),ROW(A3))),"")} | F9: =IF(A9="","",C9*'Begr.-Rechner BIO'!$I$2) | G9: =IFERROR(VLOOKUP(A9,'BIO (2)'!A5:I37,9,0),IF('BIO (2)'!I5="","","")) | N9: =IF($G9="Leguminose",D9,0) -> 0
A10: {=IFERROR(INDEX('BIO (2)'!A:A,SMALL(IF('BIO (2)'!$E$3:$E$36>0,ROW($3:$36)),ROW(A4))),"")} | B10: {=IFERROR(INDEX('BIO (2)'!E:E,SMALL(IF('BIO (2)'!$E$3:$E$36>0,ROW($3:$36)),ROW(A4))),"")} | C10: {=IFERROR(INDEX('BIO (2)'!F:F,SMALL(IF('BIO (2)'!$E$3:$E$36>0,ROW($3:$36)),ROW(A4))),"")} | D10: {=IFERROR(INDEX('BIO (2)'!G:G,SMALL(IF('BIO (2)'!$E$3:$E$36>0,ROW($3:$36)),ROW(A4))),"")} | E10: {=IFERROR(INDEX('BIO (2)'!H:H,SMALL(IF('BIO (2)'!$E$3:$E$36>0,ROW($3:$36)),ROW(A4))),"")} | F10: =IF(A10="","",C10*'Begr.-Rechner BIO'!$I$2) | G10: =IFERROR(VLOOKUP(A10,'BIO (2)'!A6:I38,9,0),IF('BIO (2)'!I6="","","")) | N10: =IF($G10="Leguminose",D10,0) -> 0
A11: {=IFERROR(INDEX('BIO (2)'!A:A,SMALL(IF('BIO (2)'!$E$3:$E$36>0,ROW($3:$36)),ROW(A5))),"")} | B11: {=IFERROR(INDEX('BIO (2)'!E:E,SMALL(IF('BIO (2)'!$E$3:$E$36>0,ROW($3:$36)),ROW(A5))),"")} | C11: {=IFERROR(INDEX('BIO (2)'!F:F,SMALL(IF('BIO (2)'!$E$3:$E$36>0,ROW($3:$36)),ROW(A5))),"")} | D11: {=IFERROR(INDEX('BIO (2)'!G:G,SMALL(IF('BIO (2)'!$E$3:$E$36>0,ROW($3:$36)),ROW(A5))),"")} | E11: {=IFERROR(INDEX('BIO (2)'!H:H,SMALL(IF('BIO (2)'!$E$3:$E$36>0,ROW($3:$36)),ROW(A5))),"")} | F11: =IF(A11="","",C11*'Begr.-Rechner BIO'!$I$2) | G11: =IFERROR(VLOOKUP(A11,'BIO (2)'!A7:I39,9,0),IF('BIO (2)'!I7="","","")) | N11: =IF($G11="Leguminose",D11,0) -> 0
A12: {=IFERROR(INDEX('BIO (2)'!A:A,SMALL(IF('BIO (2)'!$E$3:$E$36>0,ROW($3:$36)),ROW(A6))),"")} | B12: {=IFERROR(INDEX('BIO (2)'!E:E,SMALL(IF('BIO (2)'!$E$3:$E$36>0,ROW($3:$36)),ROW(A6))),"")} | C12: {=IFERROR(INDEX('BIO (2)'!F:F,SMALL(IF('BIO (2)'!$E$3:$E$36>0,ROW($3:$36)),ROW(A6))),"")} | D12: {=IFERROR(INDEX('BIO (2)'!G:G,SMALL(IF('BIO (2)'!$E$3:$E$36>0,ROW($3:$36)),ROW(A6))),"")} | E12: {=IFERROR(INDEX('BIO (2)'!H:H,SMALL(IF('BIO (2)'!$E$3:$E$36>0,ROW($3:$36)),ROW(A6))),"")} | F12: =IF(A12="","",C12*'Begr.-Rechner BIO'!$I$2) | G12: =IFERROR(VLOOKUP(A12,'BIO (2)'!A8:I40,9,0),IF('BIO (2)'!I8="","","")) | N12: =IF($G12="Leguminose",D12,0) -> 0
A13: {=IFERROR(INDEX('BIO (2)'!A:A,SMALL(IF('BIO (2)'!$E$3:$E$36>0,ROW($3:$36)),ROW(A7))),"")} | B13: {=IFERROR(INDEX('BIO (2)'!E:E,SMALL(IF('BIO (2)'!$E$3:$E$36>0,ROW($3:$36)),ROW(A7))),"")} | C13: {=IFERROR(INDEX('BIO (2)'!F:F,SMALL(IF('BIO (2)'!$E$3:$E$36>0,ROW($3:$36)),ROW(A7))),"")} | D13: {=IFERROR(INDEX('BIO (2)'!G:G,SMALL(IF('BIO (2)'!$E$3:$E$36>0,ROW($3:$36)),ROW(A7))),"")} | E13: {=IFERROR(INDEX('BIO (2)'!H:H,SMALL(IF('BIO (2)'!$E$3:$E$36>0,ROW($3:$36)),ROW(A7))),"")} | F13: =IF(A13="","",C13*'Begr.-Rechner BIO'!$I$2) | G13: =IFERROR(VLOOKUP(A13,'BIO (2)'!A9:I41,9,0),IF('BIO (2)'!I9="","","")) | N13: =IF($G13="Leguminose",D13,0) -> 0
A14: {=IFERROR(INDEX('BIO (2)'!A:A,SMALL(IF('BIO (2)'!$E$3:$E$36>0,ROW($3:$36)),ROW(A8))),"")} | B14: {=IFERROR(INDEX('BIO (2)'!E:E,SMALL(IF('BIO (2)'!$E$3:$E$36>0,ROW($3:$36)),ROW(A8))),"")} | C14: {=IFERROR(INDEX('BIO (2)'!F:F,SMALL(IF('BIO (2)'!$E$3:$E$36>0,ROW($3:$36)),ROW(A8))),"")} | D14: {=IFERROR(INDEX('BIO (2)'!G:G,SMALL(IF('BIO (2)'!$E$3:$E$36>0,ROW($3:$36)),ROW(A8))),"")} | E14: {=IFERROR(INDEX('BIO (2)'!H:H,SMALL(IF('BIO (2)'!$E$3:$E$36>0,ROW($3:$36)),ROW(A8))),"")} | F14: =IF(A14="","",C14*'Begr.-Rechner BIO'!$I$2) | G14: =IFERROR(VLOOKUP(A14,'BIO (2)'!A10:I42,9,0),IF('BIO (2)'!I10="","","")) | N14: =IF($G14="Leguminose",D14,0) -> 0
A15: {=IFERROR(INDEX('BIO (2)'!A:A,SMALL(IF('BIO (2)'!$E$3:$E$36>0,ROW($3:$36)),ROW(A9))),"")} | B15: {=IFERROR(INDEX('BIO (2)'!E:E,SMALL(IF('BIO (2)'!$E$3:$E$36>0,ROW($3:$36)),ROW(A9))),"")} | C15: {=IFERROR(INDEX('BIO (2)'!F:F,SMALL(IF('BIO (2)'!$E$3:$E$36>0,ROW($3:$36)),ROW(A9))),"")} | D15: {=IFERROR(INDEX('BIO (2)'!G:G,SMALL(IF('BIO (2)'!$E$3:$E$36>0,ROW($3:$36)),ROW(A9))),"")} | E15: {=IFERROR(INDEX('BIO (2)'!H:H,SMALL(IF('BIO (2)'!$E$3:$E$36>0,ROW($3:$36)),ROW(A9))),"")} | F15: =IF(A15="","",C15*'Begr.-Rechner BIO'!$I$2) | G15: =IFERROR(VLOOKUP(A15,'BIO (2)'!A11:I43,9,0),IF('BIO (2)'!I11="","","")) | N15: =IF($G15="Leguminose",D15,0) -> 0
A16: {=IFERROR(INDEX('BIO (2)'!A:A,SMALL(IF('BIO (2)'!$E$3:$E$36>0,ROW($3:$36)),ROW(A10))),"")} | B16: {=IFERROR(INDEX('BIO (2)'!E:E,SMALL(IF('BIO (2)'!$E$3:$E$36>0,ROW($3:$36)),ROW(A10))),"")} | C16: {=IFERROR(INDEX('BIO (2)'!F:F,SMALL(IF('BIO (2)'!$E$3:$E$36>0,ROW($3:$36)),ROW(A10))),"")} | D16: {=IFERROR(INDEX('BIO (2)'!G:G,SMALL(IF('BIO (2)'!$E$3:$E$36>0,ROW($3:$36)),ROW(A10))),"")} | E16: {=IFERROR(INDEX('BIO (2)'!H:H,SMALL(IF('BIO (2)'!$E$3:$E$36>0,ROW($3:$36)),ROW(A10))),"")} | F16: =IF(A16="","",C16*'Begr.-Rechner BIO'!$I$2) | G16: =IFERROR(VLOOKUP(A16,'BIO (2)'!A12:I44,9,0),IF('BIO (2)'!I12="","","")) | N16: =IF($G16="Leguminose",D16,0) -> 0
A17: {=IFERROR(INDEX('BIO (2)'!A:A,SMALL(IF('BIO (2)'!$E$3:$E$36>0,ROW($3:$36)),ROW(A11))),"")} | B17: {=IFERROR(INDEX('BIO (2)'!E:E,SMALL(IF('BIO (2)'!$E$3:$E$36>0,ROW($3:$36)),ROW(A11))),"")} | C17: {=IFERROR(INDEX('BIO (2)'!F:F,SMALL(IF('BIO (2)'!$E$3:$E$36>0,ROW($3:$36)),ROW(A11))),"")} | D17: {=IFERROR(INDEX('BIO (2)'!G:G,SMALL(IF('BIO (2)'!$E$3:$E$36>0,ROW($3:$36)),ROW(A11))),"")} | E17: {=IFERROR(INDEX('BIO (2)'!H:H,SMALL(IF('BIO (2)'!$E$3:$E$36>0,ROW($3:$36)),ROW(A11))),"")} | F17: =IF(A17="","",C17*'Begr.-Rechner BIO'!$I$2) | G17: =IFERROR(VLOOKUP(A17,'BIO (2)'!A13:I45,9,0),IF('BIO (2)'!I13="","","")) | N17: =IF($G17="Leguminose",D17,0) -> 0
A18: {=IFERROR(INDEX('BIO (2)'!A:A,SMALL(IF('BIO (2)'!$E$3:$E$36>0,ROW($3:$36)),ROW(A12))),"")} | B18: {=IFERROR(INDEX('BIO (2)'!E:E,SMALL(IF('BIO (2)'!$E$3:$E$36>0,ROW($3:$36)),ROW(A12))),"")} | C18: {=IFERROR(INDEX('BIO (2)'!F:F,SMALL(IF('BIO (2)'!$E$3:$E$36>0,ROW($3:$36)),ROW(A12))),"")} | D18: {=IFERROR(INDEX('BIO (2)'!G:G,SMALL(IF('BIO (2)'!$E$3:$E$36>0,ROW($3:$36)),ROW(A12))),"")} | E18: {=IFERROR(INDEX('BIO (2)'!H:H,SMALL(IF('BIO (2)'!$E$3:$E$36>0,ROW($3:$36)),ROW(A12))),"")} | F18: =IF(A18="","",C18*'Begr.-Rechner BIO'!$I$2) | G18: =IFERROR(VLOOKUP(A18,'BIO (2)'!A14:I46,9,0),IF('BIO (2)'!I14="","","")) | N18: =IF($G18="Leguminose",D18,0) -> 0
... A27: {=IFERROR(INDEX('BIO (2)'!A:A,SMALL(IF('BIO (2)'!$E$3:$E$36>0,ROW($3:$36)),ROW(A21))),"")} | B27: {=IFERROR(INDEX('BIO (2)'!E:E,SMALL(IF('BIO (2)'!$E$3:$E$36>0,ROW($3:$36)),ROW(A21))),"")} | C27: {=IFERROR(INDEX('BIO (2)'!F:F,SMALL(IF('BIO (2)'!$E$3:$E$36>0,ROW($3:$36)),ROW(A21))),"")} | D27: {=IFERROR(INDEX('BIO (2)'!G:G,SMALL(IF('BIO (2)'!$E$3:$E$36>0,ROW($3:$36)),ROW(A21))),"")} | E27: {=IFERROR(INDEX('BIO (2)'!H:H,SMALL(IF('BIO (2)'!$E$3:$E$36>0,ROW($3:$36)),ROW(A21))),"")} | F27: =IF(A27="","",C27*'Begr.-Rechner BIO'!$I$2) | G27: =IFERROR(VLOOKUP(A27,'BIO (2)'!A23:I55,9,0),IF('BIO (2)'!I23="","","")) | N27: =IF($G27="Leguminose",D27,0) -> 0
N28: =SUM(N7:N27) -> 0 | O28: =IF(D4<>"",N28/D4,"")

Sheet Begrünungsliste 2023
A1: Begrünungen - Einzelkulturen | B1: kg/ha | C1: €/kg (oder Pkg.) | D1: €/ha | E1: Anmerkungen | F1: ◄ ZURÜCK zur Startseite / Bedienungsanleitung
A2: Abessinischer Senf | B2: 15 | C2: 5.47 | D2: 82.05 | E2: Zur Biofumigation geeignet, blattreich; gute Deckung und Äsung für Wild, anspruchslos | F2: Kreuzblütler
A3: Ackerbohne für Gründüngung | B3: 175 | C3: 1.4 | D3: 245 | E3: Leguminose; bevorzugt feuchte Klimagebiete, tiefgründige, kalkreiche, mittlere Böden, bildet kräftige Pfahlwurzel mit vielen kurzen Seitenwurzeln aus. Anbau im Gemenge | F3: Leguminose
A4: Alexandrinerklee | B4: 25 - 30 | C4: 4,55 - 5,29 | D4: 113,75 - 158,7 | E4: Leguminose, hohes Nachwuchsvermögen im Gemenge mit Gräsern bauen - gute Bienenweide, größte Energiedichte (eiweißreiches Grünfutter) und Verdaulichkeit erzielt man bei einer Nutzung zu Beginn der Blüte, gleichmäßige Bodendurchwurzelung und eine tiefreichende Hauptwurzel schließen den Boden sehr gut auf - meist abfrostend | F4: Leguminose
A5: Alexandrinerklee BIO | B5: 25 - 30 | C5: 5,65 - 6,14 | D5: 141,25 - 184,2
A6: Bastardraygras | B6: 25 | C6: 2,6 - 3,7 | D6: 65 - 92,5 | E6: 2 jährig - in milden und mittleren Lagen auch mehrjährig, hoher Grünmasseertrag bei guter Nährstoffversorgung | F6: Gräser
A7: Bastardraygras Gumpensteiner BIO | B7: 25 | C7: 4.78 | D7: 119.5
A8: Bitterlupine | B8: 160 | C8: 1.56 | D8: 249.6 | E8: Leguminose, einjährig für Gründüngung; Reinsaatmenge: 160-180 kg/ha | F8: Leguminose
A9: Buchweizen | B9: 60 - 80 | C9: 1,82 - 2,50 | D9: 109,2 - 200,0 | E9: Knöterich Gewächs, Bienenweide; Kein Sklerotiniaüberträger, geringe Standortansprüche, im Gemenge anbauen, nematodenneutral, rasche Jugendentwicklung, keimt auch unter trockenen Bedingungen - frostempfindlich - kommt rasch zur Samenbildung | F9: Knöterichgewächse
A10: Buchweizen BIO | B10: 60 - 80 | C10: 2,76 - 3,08 | D10: 165,6 - 246,4
A11: Einjähriges Raygras (Westerwoldisches Raygras) | B11: 40 | C11: 2,47 - 2,93 | D11: 98,8 - 117,2 | E11: schnellwüchsig - Ca. 6-8 Wochen nach der Aussaat schnittreif,sehr hoher Futterertrag; hoher Energiegehalt und gut silierbar, nematodenneutral; bei Nutzung vor Beginn des Ährenschiebens (einjährig); ideal im Gemenge mit Alexandrinerklee und/oder Persischem Klee. | F11: Gräser
A12: Einjähriges Raygras BIO | B12: 40 | C12: 3.71 | D12: 148.4
A13: Englisches Raygras (Deutsches Weidelgras) | B13: 25 - 30 | C13: 3,18 - 4,75 | D13: 79,5 - 142,5 | E13: Ausdauerndste Form der Raygräser, mehrjährig, kein Sklerotiniaüberträger, intensive Durchwurzelung der oberen Bodenschicht; Preis sortenabhängig - Unterscheidung früher und später Sorten, Ampferfreiheit des Saatgutes etc. | F13: Gräser
A14: Englisches Raygras BIO | B14: 30 | C14: 7.09 | D14: 212.7
A15: Esparsette | B15: 180 | C15: 3.47 | D15: 624.6 | E15: Leguminose mehrjährig, tiefwurzelnd; eiweißreiche Trockenfutterpflanze, Bodenverbesserer, hervorragende Bienenweide | F15: Leguminose
A16: Futtererbse | B16: 120 - 160 | C16: 1,24 - 1,32 | D16: 158,4 - 198,4 | E16: Leguminose, braucht weniger Keimwasser als Körnererbse - Anbau mit Stützfrucht, eiweißreiches Futter Empfohlene Reinsaatdichten schwanken je Anbieter zwischen 120 und 180 kg /ha (angeführte ha Preise ergeben sich daher aus Einzelempfehlungen der Saatgutunternehmen) | F16: Leguminose
A17: Futtererbse BIO | B17: 130 - 160 | C17: 1,65 - 1,74 | D17: 198 - 247,5
A18: Futterkohl | B18: 3 - 5 | C18: 14.1 | D18: 42.3 | E18: Gutes Futter, speziell für Wild sehr gut geeignet; hohe Winterfestigkeit, aber nicht mehrjährig; Absackung 1 kg und 25 kg | F18: Kreuzblütler
A19: Gelbklee (Hopfenklee) | B19: 30 | C19: 7,5 - 9,81 | D19: 225 - 294,3 | E19: Leguminose, magere Böden, anspruchslos, trockenresistent eher niederliegend - nur im Gemenge sinnvoll | F19: Leguminose
A20: Grünschnittroggen | B20: 90 - 150 | C20: 1,95 - 2,20 | D20: 175,5 - 330 | E20: spätsaatverträglich, sehr gutes Durchwurzelungsvermögen | F20: Gräser
A21: Herbstrübe | B21: 2 | C21: 10.22 | D21: 81.76 | E21: länglich flach, im Boden sitzendweiß mit violettem Kopf | F21: Kreuzblütler
A22: Hirse | B22: 15 | C22: 3.98 | D22: 59.7 | E22: Gelbes, großfallendes Korn, mittelfrühe Reife , TKM 8-15 g | F22: Gräser
A23: Hirse BIO | B23: 15 | C23: 4.82 | D23: 72.3
A24: Hornklee | B24: 20 | C24: 10 - 16,32 | D24: 200 - 326,4 | E24: Leguminose, auch für trockene Lagen und schlechte Böden geeignet, niedriger Wuchs und sehr ausdauernd - nur im Gemenge sinnvoll | F24: Leguminose
A25: Hornklee ampferfrei | B25: 20 | C25: 19.55 | D25: 391
A26: Inkarnatklee | B26: 30 | C26: 2,94 - 3,90 | D26: 88,2 - 117 | E26: Leguminose, spätsaatverträglich, raschwüchsig, gute Unkrautunterdrückung, gute Vorfruchtwirkung, guter Mischungspartner in überwinternden Begrünungen, mit sich selbst nicht gut verträglich, Anbaupausen 5 - 6 Jahre, meist überwinternd | F26: Leguminose
A27: Inkarnatklee BIO | B27: 30 | C27: 5.33 | D27: 159.9
A28: Italienisches Raygras (Welsches Weidelgras) | B28: 40 | C28: 2,38 - 2,6 | D28: 95,2 - 104 | E28: kein Sklerotiniaüberträger, eignet sich für Frischverfütterung, Heu- und Silagebereitung - guter N-Verwerter | F28: Gräser
A29: Italienisches Raygras BIO | B29: 40 | C29: 3.58 | D29: 143.2
A30: Knaulgras | B30: 25 | C30: 5.71 | D30: 142.75 | E30: gute Futterqualität; mittelspäte Reife; hohe Ertragsleistung, besonders 1.Schnitt; gute Narbendichte und Winterhärte | F30: Gräser
A31: Kresse | B31: 10 | C31: 4.58 | D31: 45.8 | E31: Kreuzblütler - Fruchtfolge beachten, im Gemenge anbauen, Wirtspflanze von Rübenzystennematoden | F31: Kreuzblütler
A32: Kresse BIO | B32: 10 | C32: 11.61 | D32: 116.1
A33: Kulturmalve | B33: 10 - 15 | C33: 19.94 | D33: 199,4 - 299,1 | E33: anspruchslos, tiefwurzelnd - Bestandteil der AckerGrün Biodiversitätsmischung BienentrachtPluss | F33: Malvengewächse
A34: Leindotter | B34: 6 - 10 | C34: 3,15 - 7,26 | D34: 25,2 - 72,6 | E34: langsame Jugendentwicklung, feines Wurzelwerk, nicht selbstverträglich und nicht vor oder nach Kreuzblütlern anbauen - Fruchtfolge beachten; Preise je ha auf Basis der Saatgutmenge je ha laut Angabe der Saatgutunternehmen | F34: Kreuzblütler
A35: Leindotter BIO | B35: 6 - 10 | C35: 8,8 - 9,26 | D35: 52,8 - 92,6
A36: Linse Sorte Klaus | B36: 80 | C36: 5.89 | D36: 471.2 | E36: 80 - 100kg/ha; großkörnige Tellerlinse mit grünlich, brauner Kornfarbe; hochwüchsiger Pflanzentyp | F36: Leguminose
A37: Linse Sorte Klaus BIO | B37: 80 | C37: 6.07 | D37: 485.6
A38: Linse Sorte Red Flash | B38: 80 | C38: 5.95 | D38: 476 | E38: 80 - 100kg/ha; großsamig, braun, für Speisezwecke geeignet, zum Zwischenfruchtanbau im Gemenge
A39: Luzerne | B39: 25 | C39: 6,95 - 8,19 | D39: 173,75 - 204,75 | E39: "Königin der Futterpflanzen", Wertvolle Futterleguminose mit hohem Eiweißgehalt für wärmere, niederschlagsärmere Gebiete, kalkhaltige, tiefgründige Böden werden bevorzugt, pH -Wert um 6,5 ist erforderlich, verträgt keine stauende Nässe, Preise je ha von Sorte und Qualität abhängig | F39: Leguminose
A40: Luzerne BIO | B40: 25 | C40: 8,02 - 8,24 | D40: 200,5 - 206
A41: Luzerne Europe Mantelsaatgut | B41: 25 | C41: 9.38 | D41: 234.5 | E41: Saatgut ist zusätzlich mit Rhizobien ummantelt
A42: Luzerne Luzelle | B42: 25 | C42: 7.71 | D42: 192.75 | E42: Weideluzerne hat tiefer liegende Wurzelköpfe, die unempfindlicher sind gegen Tritt und Radschlupf
A43: Meliorationsrettich | B43: 6 - 8 | C43: 7,06 - 8,58 | D43: 42,36 - 68,64 | E43: rasche Entwicklung, wenig oberirdische Masse, verholzt nicht, lange und dicke Pfahlwurzel mit guter Tiefenlockerung, frostet ab und hinterlässt im Frühjahr nur kleine runde Löcher | F43: Kreuzblütler
A44: Meliorationsrettich BIO | B44: 6 - 8 | C44: 8.91 | D44: 53,46 - 71,28
A45: MUNGO (Schwarzsamen/ Ramtilkraut / Gingellikraut) | B45: 9 - 10 | C45: 3,5 - 4,49 | D45: 31,5 - 44,9 | E45: gut abfrostend bzw. frostempfindlich, trockenheitsverträglich, geeignet für Mulchsaat, rasche Jugendentwicklung; - als Korbblütler mit der Sonnenblume verwandt - Fruchtfolge beachten - bezüglich Vermehrungspotential für Sclerotinia | F45: Korbblütler
A46: Ölrettich | B46: 20 | C46: 3,19 - 3,55 | D46: 63,8 - 71 | E46: frühe Saat und dichte Bestände verringern die Rettichbildung, gute Tiefendurchwurzelung | F46: Kreuzblütler
A47: Ölrettich BIO | B47: 20 | C47: 3,8 - 4,98 | D47: 76 - 99,6
A48: Ölrettich nematodenhemmend | B48: 20 - 25 | C48: 3,52 - 4,44 | D48: 79 - 111 | E48: Anbau bis Mitte August um optimale Nematodenbekämpfung zu gewährleisten. Preise je ha auf Basis der empfohlenen Saatgutmenge je ha laut Angabe der Saatgutunternehmen | F48: Kreuzblütler
A49: Persischer Klee | B49: 20 | C49: 4,57 - 5,53 | D49: 91,4 - 110,6 | E49: Leguminose, hohes Nachwuchsvermögen im Gemenge mit Gräsern bauen, gute Bienenweide - vermehrt eine Unterart des Rübenzystennematoden, eiweißreiches Grünfutter | F49: Leguminose
A50: Phazelie | B50: 10 - 16 | C50: 5,19 - 5,47 | D50: 51,9 - 87,52 | E50: Dunkelkeimer, braucht feines Saatbett, nematoden- und fruchtfolgeneutral, trockenheitstolerant, Eignung für Mulchsaat, Bienenweide, bei später Aussaat höhere Saatstärke verwenden | F50: Wasserblattgewächse
A51: Phazelie BIO | B51: 10 - 16 | C51: 6,89 - 8,68 | D51: 68,9 - 138,88
A52: Pigmentplatterbse | B52: 120 - 160 | C52: 2.2 | D52: 264 - 352 | E52: hohe N-Bindung, daher nur in Mischungen verwenden!, trockenheitsverträglich, sobald wie möglich anbauen (Juli), MONI ist buntblühend; durch Neurotoxin insektizide Wirkung | F52: Leguminose
A53: Pigmentplatterbse BIO | B53: 120 - 160 | C53: 3.3 | D53: 396 - 528
A54: Ringelblume | B54: 10 - 15 | C54: 13,56 - 22,7 | D54: 135,6 - 340,5 | E54: Insektenblütige Kulturart, meist abfrostend, fruchtfolgeneutral, sehr gute Durchwurzelung und guter Stickstoffspeicher | F54: Korbblütler
A55: Rotklee | B55: 20 - 25 | C55: 6,15 - 8,45 | D55: 123 - 211,25 | E55: Leguminose, ist eine wertvolle, eiweißreiche Futterpflanze für kühlere, feuchte Lagen, überwinternd - qualitativ und quantitativ sehr gute Erträge. Durch Symbiose mit Knöllchenbakterien ist er als Bodenverbesserer und als Vorfrucht für andere Kulturpflanzen sehr gut geeignet | F55: Leguminose
A56: Rotklee BIO | B56: 20 - 25 | C56: 8,14 - 8,94 | D56: 162,8 - 223,5
A57: Rotklee Ampferfrei, Mattenklee | B57: 25 | C57: 11.11 | D57: 277.75 | E57: siehe Beschreibung oberhalb + diploid; 0 Ampfer/100g, ÖAG -Sorte, Mattenklee | F57: Leguminose
A58: Saatplatterbse | B58: 110 | C58: 1.9 | D58: 209 | E58: Leguminose, rasche Jugendentwicklung, bessere Durchwurzelung als Futtererbse - kurzwüchsig, für trockene Standorte bestens geeignet | F58: Leguminose
A59: Saatplatterbse BIO | B59: 110 | C59: 2.21 | D59: 243.1
A60: Saatwicke | B60: 100 | C60: 2.36 | D60: 236 | E60: Leguminose, gute Futterleistung, rasche Jugendentwicklung - Anbau im Gemenge, intensives und schnellwachsendes Wurzelwerk fördert die Garebildung | F60: Leguminose
A61: Saatwicke BIO | B61: 100 | C61: 2.7 | D61: 270
A62: Saflor | B62: 30 | C62: 5.61 | D62: 168.3 | E62: Korblütler, Tiefwürzler, forstet sicher ab, optimal zur Aufwertung jeder Zwischenfruchtmischung | F62: Korbblütler
A63: Sandhafer/Rauhafer | B63: 80 | C63: 2.21 | D63: 176.8 | E63: Saatstärke 350-500 K/m2, bei starkem Unkrautdruck und sehr leichten Böden die höhere Aussaatstärke wählen. Saattiefe 2-4 cm, Saatzeit April - September - zur Bekämpfung von Pratylenchus penetrans (Wurzelläsionsälchen) keine Vermehrung von Trichodoriden (Überträger der Eisenfleckigkeit); für alle Bodenarten geeignet, auch für sandige und saure Böden; Nutzung zur Silage, Viehfütterung und Biogas möglich | F63: Gräser
A64: Sarepta-Senf | B64: 10 | C64: 5.97 | D64: 59.7 | E64: Sareptasenf, geringe Blühneigung und hohes Blattbildungsvermögen. Bodenstrukturverbesserung durch kräftiges, tiefreichendes Wurzelwerk Energy/Vittasso | F64: Kreuzblütler
A65: Schwedenklee | B65: 20 | C65: 6,5 - 9,47 | D65: 130 - 189,4 | E65: für feuchtere Böden und in rauen schattigen Lagen als Ersatz für Rotklee | F65: Leguminose
A66: Senf | B66: 10 - 20 | C66: 2,75 - 3,56 | D66: 27,5 - 71,2 | E66: Kreuzblütler, schnelle Bodenbedeckung daher gute Unkrautunterdrückung, zur Mulchsaat geeignet, später Anbau von Vorteil um nicht in Blüte zu gehen. | F66: Kreuzblütler
A67: Senf BIO | B67: 10 - 20 | C67: 3.58 | D67: 35,8 - 71,6
A68: Senf nematodenresistent / nematodenhemmend | B68: 20 | C68: 3,15 - 3,67 | D68: 63 - 73,4 | E68: Kreuzblütler, nematodenresistent bei rechtzeitigem Anbau - ideal bei Zuckerrübenanbau, schnelle Jugendentwicklung, | F68: Kreuzblütler
A69: Sommerfutterraps | B69: 15 | C69: 2,86 - 3,14 | D69: 42,9 - 47,1 | E69: Kreuzblütler, Schnitt vor Blütenbildung, rasche Keimung, hohe Blattmasse für Schnittnutzung, nährstoffreiches Futter, Zur Futternutzung mit 10 kg/ha, zur Gründüngung mit 15-20 kg/ha | F69: Kreuzblütler
A70: Sommerwicke | B70: 100 - 130 | C70: 2,65 - 2,94 | D70: 265 - 382,2 | E70: Rasche Entwicklung, guter N-Sammler, geringe Mehltauanfälligkeit | F70: Leguminose
A71: Sommerwicke BIO | B71: 100 - 130 | C71: 3.28 | D71: 328 - 426,4
A72: Spitzwegerich | B72: 20 | C72: 21.4 | D72: 428 | E72: 20 kg/ha, mehrjährige, robuste und eine der calciumreichsten Kräuterpflanzen, trockenresistent | F72: Wegerichgewächse
A73: Steinklee gelb, Steinklee weiß (Bokharaklee) | B73: 20 - 25 | C73: 4,64 - 5,36 | D73: 92,8 - 134 | E73: Leguminose, 2-jährig, d.h. Blütenbildung erst im 2. Jahr - gute Durchwurzelung des Bodens, durchwurzelt auch verdichtete Böden, anspruchslose, kalkliebende Pflanze, gute Meliorationspflanze, gelber Steinklee ist anpassungsfähiger und trockenheitstoleranter - im Gemenge anbauen | F73: Leguminose
A74: Sudangras | B74: 20 (-30) | C74: 3,03 - 3,7 | D74: 60,6 - 90,9 | E74: hohes Nachwuchsvermögen - Nutzung als Grünfutter/Silage ab ca. 60 cm Wuchshöhe und vor Beginn des Rispenschiebens; Biogas, Wildäcker, Preise in €/ha von der jeweiligen Empfehlung der Reinsaatmenge seitens Saatguthersteller abhängig | F74: Gräser
A75: Sudangras BIO | B75: 20-30 | C75: 3.52 | D75: 70,4 - 105,6
A76: Waldstaudenroggen "SLK" | B76: 100 | C76: 1.95 | D76: 195 | E76: Bestockt stärker als Roggen, auch für ärmste Böden geeignet, gute Wildäsung und Futtermöglichkeit | F76: Gräser
A77: Waldstaudenroggen BIO "SLK" | B77: 100 | C77: 2.38 | D77: 238 | F77: Gräser
A78: Weißklee | B78: 12 | C78: 11,75 - 13,47 | D78: 141 - 161,64 | E78: Geringe Boden,- und Klimaansprüche aber lichtbedürftig , ausläufertreibend - Lückenfüller- Unterscheidung der Sorten in klein-mittel-großblättrig | F78: Leguminose
A79: Weißklee BIO | B79: 12 | C79: 15.19 | D79: 182.28
A80: Winterfuttererbse | B80: 120 - 150 | C80: 2.67 | D80: 320,4 - 400,5 | E80: frühreif; hoher Proteinertrag; geringes Tausendkorngewicht: 100–130 g; gute Winterhärte | F80: Leguminose
A81: Winterfuttererbse BIO | B81: 120 - 150 | C81: 2.97 | D81: 356,4 - 445,5
A82: Winterfutterraps | B82: 10 - 15 | C82: 2,86 - 3,63 | D82: 28,6 - 54,45 | E82: Kreuzblütler, geht im Aussaatjahr nicht in Blüte, bringt nährstoffreiches Futter; Saatstärke für Futternutzung: 10kg/ha; Saatstärke für Gründüngung: 15-20kg/ha | F82: Kreuzblütler
A83: Winterrübse | B83: 10 - 15 | C83: 3,3 - 3,67 | D83: 33 - 55,05 | E83: Kreuzblütler, raschwüchsig, mehrschnittig, meist winterhart | F83: Kreuzblütler
A84: Winterwicke Pannonisch | B84: 80-100 | C84: 2,49 - 2,83 | D84: 199,2 - 283 | E84: Leguminose, meist überwinternd - Anbau im Gemenge, Stickstoffsammler, gute Durchwurzelung des Bodens | F84: Leguminose
A85: Winterwicke Pannonisch BIO | B85: 80-100 | C85: 2,99 - 3,3 | D85: 239,2 - 330
A86: Zichorie | B86: 15 | C86: 25.89 | D86: 388.35 | E86: 15 kg/ha, mehrjährige, ausdauernde Kräuterart, die gesundheitsfördernde Stoffe enthält, gute Trockenheitsresistenz | F86: Korbblütler
A87: Zottelwicke | B87: 80-100 | C87: 3.02 | D87: 241.6 | E87: Leguminose, Kräftige Wurzelbüschel, Strukturverbesserung auch in tieferen Bodenschichten, im Gemenge zur Gründüngung und als Futterpflanze, gute Bodenbedeckung, bildet auch noch in der kalten Jahreszeit Wurzelmasse | F87: Leguminose
A88: Zwerghirse | B88: 15 | C88: 5.83 | D88: 87.45 | E88: intensives Wurzelwachstum; klimafit - wetterfest; sicher abfrostend; einzigartige Mulchauflage im Frühjahr | F88: Gräser
A90: DSV - Mischungen | B90: kg/ha | C90: €/kg* | D90: €/ha* | E90: Zusammensetzung der Begrünungsmischungen / Anmerkungen
A91: TL SolanumPro - Kartoffelbeisaat | B91: 15 | C91: 3.77 | D91: 56.55 | E91: Deutsches Weidelgras, Perserklee, Sommerwicke, Ramtillkraut, Öllein
A92: TL BrassicaPro ohne Lupine - Rapsbeisaat | B92: 12 | C92: 4.4 | D92: 52.8 | E92: Serradella, Öllein, Alexandrinerklee, Perserklee, Ramtillkraut
A93: TL VitaMaxx TR | B93: 20 | C93: 3.28 | D93: 65.6 | E93: Phacelia, Öllein, Rauhafer, Ramtillkraut, Tiefenrettich, Abessinischer Kohl, Leindotter, falscher Buchweizen, Sonnenblume
A94: TL Rigol TR – Schafhutung | B94: 25 | C94: 3.29 | D94: 82.25 | E94: Sorghum, Rauhafer, Alexandrinerklee, Sommerwicke, Tiefenrettich, Abessinischer Kohl, Leindotter, Ramtillkraut, Sonnenblume, Öllein, Phacelia, Serradella
A95: TL Rigol TR | B95: 25 | C95: 3.24 | D95: 81 | E95: Phacelia, Öllein, Sonnenblume, Rauhafer, Ramtillkraut, Sommerwicke, Tiefenrettich, Abessinischer Kohl, falscher Buchweizen, Leindotter, Perserklee
A96: TL WarmSeason | B96: 28 | C96: 3.49 | D96: 97.72 | E96: Öllein, Ramtillkraut, Sorghum, Sommerwicke, Alexandrinerklee, Abessinischer Kohl, Peluschke
A97: TL AquaPro ohne Buchweizen | B97: 28 | C97: 3.65 | D97: 102.2 | E97: Phacelia, Öllein, Sonnenblume, Rauhafer, Ramtillkraut, Sorghum
A98: TL CoolSeason S | B98: 30 | C98: 3.31 | D98: 99.3 | E98: Öllein, Rauhafer, Tiefenrettich, Abessinischer Kohl, Inkarnatklee, Rotklee, falscher Buchweizen, Leindotter, Welsches Weidelgras
A99: TL SolaRigol TR | B99: 33 | C99: 3.07 | D99: 101.31 | E99: Öllein, Rauhafer, Ramtillkraut, Sommerwicke, Tiefenrettich, Abessinischer Kohl, Sparriger Klee
A100: TL Beta Maxx TR | B100: 33 | C100: 3.38 | D100: 111.54 | E100: Phacelia, Öllein, Rauhafer, Ramtillkraut, Felderbse, Sommerwicke, Serradella, Alexandrinerklee, Tiefenrettich, Abessinischer Kohl
A101: TL MaisPro TR Greening 50 | B101: 35 | C101: 3.52 | D101: 123.2 | E101: Abessinischer Kohl, Alexandrinerklee, Felderbse, Inkarnatklee, Öllein, Perserklee, Phacelia, Rotklee, Tiefenrettich, Schwedenklee, Ramtillkraut, Serradella, Sommerwicke, Sonnenblume, Sorghum, Weißklee, Winterwicke
...

Sheet Anbauzeitpunkte
A1: Eigenschaften überwinternde Kulturen
A2: Pflanzenarten | B2: Anbauzeit Juli Aug.Sept. ### ### ### | C2: Jugend- ent- wicklung | D2: Bodenbe-deckung | E2: Reinsaat- menge kg/ha | F2: Reinsaat bzw. Gemengeanbau | G2: Anmerkungen | H2: Futter eignung | I2: ◄ ZURÜCK ZUR STARTSEITE / BEDIENUNGSANLEITUNG
A3: Kreuzblütler
A4: Winterrübse | B4: ### ### ## | C4: sehr rasch | D4: sehr gut | E4: 10-15 | F4: beides | G4: Fruchtfolge beachten, raschwüchsig, mehrschnittig | H4: sehr gut
A5: Winterfutterraps | B5: ### ### ### | C5: rasch | D5: sehr gut | E5: 10-15 | F5: Reinsaat sinnvoll | G5: für Futternutzung Juli/August 10 kg /ha Aussaat, geht im Ansaatjahr nicht in Blüte | H5: sehr gut
A6: Leguminosen | G6: binden Luftstickstoff, Fruchtfolgeregeln beachten
A7: Winterwicke | B7: ### ### ## | C7: rasch | D7: gut | E7: 80-100 | F7: nur in Gemengen sinnvoll | G7: im Landsberger Gemenge, meist überwinternd, gute Durchwurzelung des Bodens | H7: sehr gut
A8: Weißklee | B8: ### ### | C8: langsam | D8: mittel | E8: 15 | G8: geringe Ansprüche, lichtbedürftig ausläufertreibend - Lückenfüller | H8: sehr gut
A9: Rotklee | B9: ### ## | C9: langsam | D9: gut | E9: 20-25 | F9: beides | G9: wertvolle Futterleguminose für Feuchtgebiete und Übergangslagen | H9: sehr gut
A10: Luzerne | B10: ### ## | C10: langsam | D10: gut | E10: 25 | F10: beides | G10: wertvolle Futterleguminose für Trockengebiete, pH -Wert mind. um 6,5 ! | H10: sehr gut
A11: Inkarnatklee | B11: ### ### ## | C11: langsam | D11: mittel | E11: 25-30 | F11: Gemenge sinnvoller | G11: überjährig, Bestandteil auch im Landsberger Gemenge, spätsaatverträglich | H11: sehr gut
A12: Hornklee | B12: ### ## | C12: langsam | D12: gering | E12: 15-18 | F12: nur im Gemenge sinnvoll | G12: für Trockenlagen und schlechte Böden geeignet, niedriger Wuchs, sehr ausdauernd | H12: gut
A13: Gelbklee | B13: ### ## | C13: langsam | D13: gering | E13: 20-25 | G13: für magere Böden ,anspruchslos, trockenresistent, eher niederliegend | H13: gut
A14: Schwedenklee | B14: ### ## | C14: langsam | D14: mittel | E14: 13-15 | F14: Gemenge sinnvoller | G14: für feuchtere Böden und rauere Lagen als Ersatz für Rotklee | H14: sehr gut
A15: Steinklee, gelb/weiß | B15: ### # | C15: langsam | D15: gering | E15: 25-30 | G15: 2-jährig, hochwachsend, kann verdichtete Böden durchwurzeln, cumarinhältig | H15: mäßig
A16: Gräser
A17: Rotschwingel | B17: ### ### | C17: mittel | D17: gut | E17: 30 | F17: nur im Gemenge sinnvoll | G17: bildet Ausläufer - wichtiger Narbenbildner und Lückenfüller | H17: gut
A18: Engl. (deut.) Raygras | B18: ### ### | C18: rasch | D18: sehr gut | E18: 30 | G18: konkurrenzstark in der Anfangsentwicklung, nicht geeignet für raue Lagen | H18: sehr gut
A19: Wiesenschwingel | B19: ### ### | C19: mittel | D19: mittel | E19: 30-40 | G19: für feuchte nährstoffreiche Böden, hochwachsend | H19: sehr gut
A20: Schafschwingel | B20: ### ### | C20: mittel | D20: gut | E20: 30 | G20: für karge Böden, als Futtergras wenig Bedeutung | H20: mäßig
A21: Kammgras | B21: ### ### | C21: langsam | D21: mäßig | E21: 22 | G21: ausdauerndes Gras für karge Böden | H21: gut
A22: Rotes Straußgras | B22: ### # | C22: langsam | D22: mäßig | E22: 12 | G22: für karge, aber auch saure Böden, speziell in höheren nicht zu trockenen Lagen | H22: gut
A23: Wiesenripse | B23: ### ### | C23: langsam | D23: sehr gut | E23: 20 | G23: narbenbildend füllt Lücken, gute Trockenheitsresistenz | H23: sehr gut
A24: Timothe | B24: ### ### | C24: mittel | D24: mittel | E24: 15-20 | G24: ausdauendes Gras mit guter Winterhärte unempfindlich gegen Nässe | H24: sehr gut
A25: Glatthafer | B25: ### ### | C25: rasch | D25: mittel | E25: 40 | G25: horstbildendes hochwüchsiges Gras, verträg Trockenheit gut | H25: sehr gut
A26: Knaulgras | B26: ### # | C26: langsam | D26: gut | E26: 20 | G26: gut geeignet für trockene Böden, bildet Horste, später konkurrenzstark | H26: sehr gut
A27: Italienisches Raygras | B27: ### ### | C27: rasch | D27: gut | E27: 30-50 | F27: beides | G27: überwintert in milderen Lagen , guter N-Verwerter | H27: sehr gut
A28: Bastardraygras | B28: ### ### | C28: rasch | D28: gut | E28: 20-30 | F28: beides | G28: zwei- bis mehrjährig in milden und mittleren Lagen, verlangt gute Nährstoffversorgung | H28: sehr gut
A29: Saatgutmischungen | G29: spätsaatverträgliche Saatgutmischung mit guter Vorfruchtwirkung, mit 30-40 kg/ha als Rotationsbrache möglich
A30: Landsberger Gemenge | B30: ### ### # | C30: rasch | D30: sehr gut | E30: 50-80 | H30: sehr gut
A31: Gründecke CLASSIC HR | B31: ### ### | C31: rasch | D31: sehr gut | E31: 14 | G31: 5 % Phacelia, 15 % Senf, 61 % Buchweizen,10% Alexandrinerklee, 5 % Kresse, 4% Schwarzs. | H31: mäßig
A32: AckerGrün Hydrosan | B32: ### ## | C32: rasch | D32: sehr gut | E32: 50 | G32: Boden- und Wasserschutzmischung, speziell f. Begrünung nach Mais | H32: sehr gut
A33: AckerGrün Biodiversitäts+ | B33: ### ## | C33: langsam | D33: sehr gut | E33: 15-20 | G33: Gräserfreie Brachemischung | H33: sehr gut
A34: Wassergüte früh | B34: ### ## | G34: Mungo, Phacelia, Alexandrinerklee und Krumenklee | H34: mäßig
A35: Wassergüte rau | B35: # ### | G35: Phacelia, Buchweizen, Ölrettich, Senf, auch auf rauhere Saatbeete | H35: mäßig
A36: Sonstige | G36: Bestockt stärker als Roggen. Auch für ärmere Böden zur Wildäsung bzw. Aussaat im Juni - Herbst Futterschnitt und im nächsten Jahr Drusch möglich
A37: Waldstaudenroggen | B37: ### ## | C37: langsam | D37: sehr gut | E37: 120 | F37: Reinsaat sinnvoll | H37: sehr gut
A38: Grünschnittroggen | B38: ### ## | C38: langsam | D38: sehr gut | E38: 130 | F38: Reinsaat sinnvoll | G38: Gute Bestockung. besonders gute Frühjahrsschnitte (vor dem Maisanbau) möglich | H38: sehr gut
A39: Jugendentwicklung und Bodenbedeckung sind stark abhängig von den verwendeten Sorten. Die Bodenbedeckung ist weiters abhängig vom Vegetationsstadium der Pflanze.
A40: Ein Abfrosten der Bestände ist jedoch auch bei überwinternden Kulturarten je nach Witterung, Schneelage… nicht auszuschließen
A43: Eigenschaften abfrostende Kulturen
A44: Pflanzenarten | B44: Anbauzeit Juli Aug.Sept. ### ### ### | C44: Jugend- ent- wicklung | D44: Bodenbe-deckung | E44: Reinsaat- menge kg/ha | F44: Reinsaat bzw. Gemengeanbau | G44: Anmerkungen | H44: Futter eignung
A45: Versch. Pflanzenfamilien
A46: Sonnenblume | B46: ### # | C46: mittel | D46: mittel | E46: 15-20 | F46: Gemenge sinnvoller | G46: Sklerotinia-Vermehrer!! Braucht viel Bodenwasser - ausgefallene Samen in Folgefrucht | H46: mittel
A47: Schwarzsamen/ Mungo | B47: ### ## | C47: rasch | D47: sehr gut | E47: 10 | G47: sehr frostempfindlich, trockenheitsverträglich, ideal für Mulchsaat, rasche Jugendentwicklung, Sclerotinia
A48: Ringelblume | B48: ### ## | C48: mittel | D48: mittel | E48: 15 | G48: meist abfrostend, fruchtfolgeneutral, sehr gute Durchwurzelung und guter Stickstoffspeicher, Samenbildung
A49: Phazelia | B49: ### ### | C49: mittel | D49: gut | E49: 10-16 | F49: beides | G49: für alle Fruchtfolgen, nematodenneutral, verträgt Trockenheit gut, beste Eignung für Mulchsaat | H49: nein
A50: Buchweizen | B50: ### ### | C50: sehr rasch | D50: gut | E50: 60-80 | F50: Gemenge | G50: bei frühem Anbau Samenreife (Achtung bei Zuckerrübe), trockenverträglich, frostempfindlich | H50: mäßig
A51: Kreuzblütler
A52: Senf | B52: ### ### # | C52: rasch | D52: sehr gut | E52: 10-15 | F52: beides | G52: Anbau ab August von Vorteil damit Pflanzen mehr Blattmasse bilden | H52: kaum
A53: Senf nematodenres. | B53: ### # | C53: rasch | D53: sehr gut | E53: 15-20 | F53: beides | G53: rechtzeitiger Anbau für biologische Nematodenbekämpfung notwendig - Eignung für Zuckerrübenfruchtfolge | H53: kaum
A54: Sareptasenf | B54: ## ## | C54: rasch | D54: sehr gut | E54: 5 | F54: Reinsaat sinnvoll | G54: bessere Durchwurzelung als Senf, Bodenstrukturverbesserung - Futterwert ähnlich Sommerfutteraps, Energieerz. | H54: sehr gut
A55: Meliorationsrettich | B55: ### ## | C55: rasch | D55: mittel | E55: 6 - 8 | F55: Gemenge | G55: rasch Entwicklung, wenig oberirdische Masse, kräftige Pfahlwurzel mit guter Tiefenlockerung, frostet ab
A56: Ölrettich multiresistente Sorte | B56: ### ## | C56: rasch | D56: sehr gut | E56: 20-25 | F56: beides | G56: frühe Saat und dichte Bestände verringern die Rettichbildung - gilt auch für nematodenresistente, Pflanzeninhaltsstoffe (Glucosinolate) von Defender werden zu biologisch aktiv wirksamen Stoffen umgesetzt | H56: mäßig
A57: Ölrettich nematodenh. | B57: ### # | C57: rasch | D57: sehr gut | E57: 25-30 | F57: beides | G57: rechtzeitiger Anbau für biologische Nematodenbekämpfung notwendig - Eignung für Zuckerrübenfruchtfolge | H57: mäßig
A58: Sommerfutterraps | B58: ### ### ## | C58: rasch | D58: sehr gut | E58: 10-15 | F58: Reinsaat sinnvoll | G58: für Schnittnutzung Aussaat ab Mitte August: 10 kg/ha, keine nematodenresistenten Sorten verfügbar | H58: sehr gut
A59: Sommerrübse | B59: ### ### | C59: rasch | D59: sehr gut | E59: 15-20 | F59: beides | G59: friert meist ab und hinterläßt eine lockere Mulchschicht für eine störungsfreie Direktsaat von Mais | H59: gut
A60: Markstamm,-/Futterkohl | B60: ### # | C60: rasch | D60: gut | E60: 3-5 | F60: Reinsaat sinnvoll | G60: gutes Futter, hohe Winterfestigkeit, verträgt Fröste von -10-12°C, Fütterung bis Ende Dez. frisch vom Feld | H60: sehr gut
A61: Leindotter | B61: ### ### | C61: langsam | D61: mittel | E61: 8-12 | F61: eher Gemenge | G61: langsame Jugendentwicklung, feines Wurzelwerk, rel. wenig Masse, nicht selbstverträglich | H61: nein
A62: Gräser
A63: Sudangras | B63: ### | C63: rasch | D63: mäßig | E63: 15-40 | F63: beides | G63: hohes Nachwuchsvermögen - Nutzung als Grünfutter/Silage ab ca. 60 cm Wuchshöhe für Biogas, Wildäcker | H63: sehr gut
A64: Sandhafer | B64: ### ### | C64: rasch | D64: sehr gut | E64: 80-120 | F64: beides | G64: zur Bekämpfung von Pratylenchus penetrans (Wurzelläsionsälchen) - keine Vermehrung von Trichodoriden (Überträger der Eisenfleckigkeit), für alle Böden und jegliche Nutzung geeignet | H64: gut
A65: Westerw. Raygras | B65: ### ### | C65: rasch | D65: sehr gut | E65: 40 | F65: beides | G65: sehr wüchsig, nematodenneutral, bestens geeignet für Silierung, Nutzung vor Beginn des Ährenschiebens | H65: sehr gut
A66: Leguminosen
A67: Alexandrinerklee und Krumenklee | B67: ### ## | C67: langsam | D67: mittel | E67: 25-30 | F67: Gemenge sinnvoller | G67: langsame Jugendentwicklung, hohes Nachwuchsvermögen, hoher Eiweißgehalt im Gemenge mit Gräsern bauen | H67: sehr gut
A68: Persischer Klee | B68: ### # | C68: langsam | D68: mittel | E68: 20-25 | G68: langsame Jugendentwicklung, hohes Nachwuchsvermögen, hoher Eiweißgehalt im Gemenge mit Gräsern bauen | H68: sehr gut
A69: Saatwicke | B69: ### # | C69: rasch | D69: gut | E69: 100-130 | F69: Gemenge mit Stützfrucht | G69: gute Garebildung, eiweißreiches Grünfutter, mit Stützfrucht anbauen | H69: sehr gut
A70: Futtererbse | B70: ### ## | C70: rasch | D70: mittel | E70: 130-150 | G70: Erntereife zur Grünverfütterung nach Erreichen der Vollblüte, sobald die untersten Hülsen ausgebildet sind | H70: sehr gut
A71: Serradella | B71: ### ## | C71: langsam | D71: mittel | E71: 30-50 | G71: Klee der sandigen Böden - mit Stütz,-Deckfrucht anbauen, keimt sehr langsam, stark verzweigtes Wurzelwerk | H71: gut
A72: Ackerbohne | B72: ### ## | C72: rasch | D72: mäßig | E72: 150-200 | F72: Gemenge sinnvoller | G72: bevorzugt feuchte Klimagebiete, mit sich selbst und Rotklee nicht verträglich | H72: kaum
A73: Saatplatterbse | B73: ### # | C73: mittel | D73: mittel | E73: 110-180 | G73: schnelle Jugendentwicklung, bessere Durchwurzelung als Futtererbse, für trockene Standorte geeignet | H73: gut
A74: Süßlupine | B74: ### | C74: rasch | D74: mittel | E74: 150-220 | G74: weiße, gelbe oder blaue bitterstoffarme Lupinen Eignung je nach Bodentyp - eiweissreiches Futter | H74: gut
A75: Bitterlupine | B75: ### | C75: rasch | D75: mittel | E75: 120-180 | G75: zur Gründüngung auf leichteren Böden auch in kühleren Lagen | H75: keine
A76: Kulturarten sind nur bei ausreichender vegetativen Entwicklung im Herbst und kalten Wintern (tiefgehende Fröste) abfrostend.
A77: Nematodenresistente Sorten von Senf und Ölrettich haben nur Wirkung gegen Zuckerrübenzystennematoden - außer Ölrettich Defender als multiresistente Sorte.

Sheet Konventionell (2)
A1: Jahr 2023 | B1: Sie können hier den entsprechenden Preis eingeben - die vorausgefüllten Werte entsprechen Durchschnittswerten laut Preisspanne gem. Begrünungstabelle 2021 | C1: angeführte Werte sind Durchschnitts - bzw. Beispielwerte Hier können auch eigene Werte eingetragen werden | E1: MISCHUNGSBERECHNUNG | I1: =IF($I$2="","bitte geben Sie HIER die Begrünungsfläche in ha an","Fläche in ha") -> Fläche in ha | J1: Menge in kg/ha geplant | K1: Kosten/ha in € | L1: Mischungs-anteil in % (=relative Saatstärke) | W1: ÖPUL 2015 Varianten
A2: Kulturbezeichnung | B2: Richtpreis/kg | C2: Menge Reinsaat | D2: Kosten/ha bei Reinsaat | E2: Menge/ha | F2: Kosten/ha in € | G2: Saatstärke in % der Reinsaat | H2: Menge in kg | I2: ='Begr.-Rechner int. Prod.'!$I$2 -> 0 | J2: =SUM(E3:E69) -> 0 | K2: =SUM(F3:F69) -> 0 | L2: =SUM(G3:G69) -> 0 | M2: Var. 6 konform | N2: Insektenblütig | O2: In Begrünungsliste ausgewählt ? | P2: Pflanzenfamilie ausgewählt | Q2: Var 6 konform | R2: Var 6 | S2: Anzahl Familien | T2: Anzahl Mischungspartner | U2: Summe Insektenblütige Mischungspartner | V2: Zählenn wenn insektenblütig | W2: Variante | X2: Mischungspartner | Y2: Anzahl Pflanzenfamilien | Z2: Mischung zu Variante Konform? | AB2: Familien Drop Down | AC2: Drop Down JA Nein insektenblütig | AD2: Drop Down JA Nein Var. 6
A3: Abessinischer Senf | B3: ='Begr.-Rechner int. Prod.'!B4 -> 5.47 | C3: ='Begr.-Rechner int. Prod.'!C4 -> 15 | D3: =IF(ISERROR(C3*B3),0,C3*B3) -> 82.05 | E3: ='Begr.-Rechner int. Prod.'!E4 -> 0 | F3: =IF(ISERROR(E3*B3),0,(E3*B3)) -> 0 | G3: =IF(ISERROR(E3/C3),0,(E3/C3)) -> 0 | H3: =IF(ISERROR($I$2*E3),0,($I$2*E3)) -> 0 | I3: Kreuzblütler | M3: nein | N3: ja | O3: =IF(E3>0,"ja","nein") -> nein | P3: =IF(O3="ja",I3,"") | Q3: =COUNTIFS($M$3:$M$69,"ja",$O$3:$O$69,"ja") -> 0 | R3: =IF(AND($R$5>0,$R$4=0),"ja",IF(AND($R$5>0,$R$4>0),"nein",IF(AND($R$5=0,$R$4>0),"nein","nein"))) -> nein | S3: {=SUM(1/(COUNTIF(P3:P69,P3:P69)))-1} -> 0 | T3: =COUNTIF($O$3:$O$69,"ja") -> 0 | U3: =SUM(V3:V69) -> 0 | V3: =IF(AND(O3="ja",N3="ja"),1,"") | W3: Variante 1 | X3: 5 | Y3: 2 | Z3: =IF(AND($U$3>=$X$3,$S$3>=$Y$3),"Var.1; ","")
A4: Ackerbohne für Gründüngung | B4: ='Begr.-Rechner int. Prod.'!B5 -> 1.4 | C4: ='Begr.-Rechner int. Prod.'!C5 -> 175 | D4: =IF(ISERROR(C4*B4),0,C4*B4) -> 245 | E4: ='Begr.-Rechner int. Prod.'!E5 -> 0 | F4: =IF(ISERROR(E4*B4),0,(E4*B4)) -> 0 | G4: =IF(ISERROR(E4/C4),0,(E4/C4)) -> 0 | H4: =IF(ISERROR($I$2*E4),0,($I$2*E4)) -> 0 | I4: Leguminose | M4: nein | N4: ja | O4: =IF(E4>0,"ja","nein") -> nein | P4: =IF(O4="ja",I4,"") | R4: =COUNTIFS($M$3:$M$69,"nein",$O$3:$O$69,"ja") -> 0 | V4: =IF(AND(O4="ja",N4="ja"),1,"") | W4: Variante 2 | X4: 7 | Y4: 3 | Z4: =IF(AND($T$3>=$X$4,$S$3>=$Y$4),"Var.2; ","") | AB4: Doldenblütler | AC4: Ja | AD4: Grünschnittroggen
A5: Alexandrinerklee | B5: ='Begr.-Rechner int. Prod.'!B6 -> 4.92 | C5: ='Begr.-Rechner int. Prod.'!C6 -> 25 | D5: =IF(ISERROR(C5*B5),0,C5*B5) -> 123 | E5: ='Begr.-Rechner int. Prod.'!E6 -> 0 | F5: =IF(ISERROR(E5*B5),0,(E5*B5)) -> 0 | G5: =IF(ISERROR(E5/C5),0,(E5/C5)) -> 0 | H5: =IF(ISERROR($I$2*E5),0,($I$2*E5)) -> 0 | I5: Leguminose | M5: nein | N5: ja | O5: =IF(E5>0,"ja","nein") -> nein | P5: =IF(O5="ja",I5,"") | R5: =COUNTIFS($M$3:$M$69,"ja",$O$3:$O$69,"ja") -> 0 | V5: =IF(AND(O5="ja",N5="ja"),1,"") | W5: Variante 3 | X5: 3 | Y5: 2 | Z5: =IF(AND($T$3>=$X$5,$S$3>=$Y$5),"Var.3; ","") | AB5: Gänsefußgewächse | AC5: Nein | AD5: Pannonische Wicke
A6: Bastardraygras | B6: ='Begr.-Rechner int. Prod.'!B7 -> 3.15 | C6: ='Begr.-Rechner int. Prod.'!C7 -> 25 | D6: =IF(ISERROR(C6*B6),0,C6*B6) -> 78.75 | E6: ='Begr.-Rechner int. Prod.'!E7 -> 0 | F6: =IF(ISERROR(E6*B6),0,(E6*B6)) -> 0 | G6: =IF(ISERROR(E6/C6),0,(E6/C6)) -> 0 | H6: =IF(ISERROR($I$2*E6),0,($I$2*E6)) -> 0 | I6: Gräser | M6: nein | N6: nein | O6: =IF(E6>0,"ja","nein") -> nein | P6: =IF(O6="ja",I6,"") | V6: =IF(AND(O6="ja",N6="ja"),1,"") | W6: Variante 4 | X6: 3 | Y6: 2 | Z6: =IF(AND($T$3>=$X$6,$S$3>=$Y$6),"Var.4; ","") | AB6: Gräser | AD6: Zottelwicke
A7: Bitterlupine | B7: ='Begr.-Rechner int. Prod.'!B8 -> 1.56 | C7: ='Begr.-Rechner int. Prod.'!C8 -> 160 | D7: =IF(ISERROR(C7*B7),0,C7*B7) -> 249.6 | E7: ='Begr.-Rechner int. Prod.'!E8 -> 0 | F7: =IF(ISERROR(E7*B7),0,(E7*B7)) -> 0 | G7: =IF(ISERROR(E7/C7),0,(E7/C7)) -> 0 | H7: =IF(ISERROR($I$2*E7),0,($I$2*E7)) -> 0 | I7: Leguminose | M7: nein | N7: ja | O7: =IF(E7>0,"ja","nein") -> nein | P7: =IF(O7="ja",I7,"") | V7: =IF(AND(O7="ja",N7="ja"),1,"") | W7: Varainte 5 | X7: 3 | Y7: 2 | Z7: =IF(AND($T$3>=$X$7,$S$3>=$Y$7),"Var.5; ","") | AB7: Hanfgewächse | AD7: Winterackerbohne
A8: Buchweizen | B8: ='Begr.-Rechner int. Prod.'!B9 -> 2.16 | C8: ='Begr.-Rechner int. Prod.'!C9 -> 70 | D8: =IF(ISERROR(C8*B8),0,C8*B8) -> 151.2 | E8: ='Begr.-Rechner int. Prod.'!E9 -> 0 | F8: =IF(ISERROR(E8*B8),0,(E8*B8)) -> 0 | G8: =IF(ISERROR(E8/C8),0,(E8/C8)) -> 0 | H8: =IF(ISERROR($I$2*E8),0,($I$2*E8)) -> 0 | I8: Knöterichgewächse | M8: nein | N8: ja | O8: =IF(E8>0,"ja","nein") -> nein | P8: =IF(O8="ja",I8,"") | V8: =IF(AND(O8="ja",N8="ja"),1,"") | W8: Variante 6 | Z8: =IF($R$3="ja","Var. 6 *","") | AB8: Knöterichgewächse | AD8: Wintererbse
A9: Einjähriges Raygras (Westerwoldisches Raygras) | B9: ='Begr.-Rechner int. Prod.'!B10 -> 2.7 | C9: ='Begr.-Rechner int. Prod.'!C10 -> 40 | D9: =IF(ISERROR(C9*B9),0,C9*B9) -> 108 | E9: ='Begr.-Rechner int. Prod.'!E10 -> 0 | F9: =IF(ISERROR(E9*B9),0,(E9*B9)) -> 0 | G9: =IF(ISERROR(E9/C9),0,(E9/C9)) -> 0 | H9: =IF(ISERROR($I$2*E9),0,($I$2*E9)) -> 0 | I9: Gräser | M9: nein | N9: nein | O9: =IF(E9>0,"ja","nein") -> nein | P9: =IF(O9="ja",I9,"") | V9: =IF(AND(O9="ja",N9="ja"),1,"") | W9: Variante 7 | X9: 3 | Y9: 2 | Z9: =IF(AND($T$3>=$X$9,$S$3>=$Y$9),"Var.7","") | AB9: Korbblütler | AD9: Winterrübse
A10: Englisches Raygras (Deutsches Weidelgras) | B10: ='Begr.-Rechner int. Prod.'!B11 -> 3.97 | C10: ='Begr.-Rechner int. Prod.'!C11 -> 30 | D10: =IF(ISERROR(C10*B10),0,C10*B10) -> 119.1 | E10: ='Begr.-Rechner int. Prod.'!E11 -> 0 | F10: =IF(ISERROR(E10*B10),0,(E10*B10)) -> 0 | G10: =IF(ISERROR(E10/C10),0,(E10/C10)) -> 0 | H10: =IF(ISERROR($I$2*E10),0,($I$2*E10)) -> 0 | I10: Gräser | M10: nein | N10: nein | O10: =IF(E10>0,"ja","nein") -> nein | P10: =IF(O10="ja",I10,"") | V10: =IF(AND(O10="ja",N10="ja"),1,"") | Z10: =IF(AND($Z3="",Z4="",Z5="",Z6="",Z7="",Z8=""),"keine ÖPUL Konformität gegeben","") -> keine ÖPUL Konformität gegeben | AB10: Kreuzblütler
A11: Esparsette | B11: ='Begr.-Rechner int. Prod.'!B12 -> 3.47 | C11: ='Begr.-Rechner int. Prod.'!C12 -> 180 | D11: =IF(ISERROR(C11*B11),0,C11*B11) -> 624.6 | E11: ='Begr.-Rechner int. Prod.'!E12 -> 0 | F11: =IF(ISERROR(E11*B11),0,(E11*B11)) -> 0 | G11: =IF(ISERROR(E11/C11),0,(E11/C11)) -> 0 | H11: =IF(ISERROR($I$2*E11),0,($I$2*E11)) -> 0 | I11: Leguminose | M11: nein | N11: ja | O11: =IF(E11>0,"ja","nein") -> nein | P11: =IF(O11="ja",I11,"") | V11: =IF(AND(O11="ja",N11="ja"),1,"") | AB11: Leguminose
A12: Futtererbse | B12: ='Begr.-Rechner int. Prod.'!B13 -> 1.28 | C12: ='Begr.-Rechner int. Prod.'!C13 -> 160 | D12: =IF(ISERROR(C12*B12),0,C12*B12) -> 204.8 | E12: ='Begr.-Rechner int. Prod.'!E13 -> 0 | F12: =IF(ISERROR(E12*B12),0,(E12*B12)) -> 0 | G12: =IF(ISERROR(E12/C12),0,(E12/C12)) -> 0 | H12: =IF(ISERROR($I$2*E12),0,($I$2*E12)) -> 0 | I12: Leguminose | M12: ja | N12: ja | O12: =IF(E12>0,"ja","nein") -> nein | P12: =IF(O12="ja",I12,"") | V12: =IF(AND(O12="ja",N12="ja"),1,"") | AB12: Leingewächse
A13: Futterkohl | B13: ='Begr.-Rechner int. Prod.'!B14 -> 14.1 | C13: ='Begr.-Rechner int. Prod.'!C14 -> 4 | D13: =IF(ISERROR(C13*B13),0,C13*B13) -> 56.4 | E13: ='Begr.-Rechner int. Prod.'!E14 -> 0 | F13: =IF(ISERROR(E13*B13),0,(E13*B13)) -> 0 | G13: =IF(ISERROR(E13/C13),0,(E13/C13)) -> 0 | H13: =IF(ISERROR($I$2*E13),0,($I$2*E13)) -> 0 | I13: Kreuzblütler | M13: nein | N13: ja | O13: =IF(E13>0,"ja","nein") -> nein | P13: =IF(O13="ja",I13,"") | V13: =IF(AND(O13="ja",N13="ja"),1,"") | AB13: Malvengewächse
A14: Gelbklee (Hopfenklee) | B14: ='Begr.-Rechner int. Prod.'!B15 -> 8.66 | C14: ='Begr.-Rechner int. Prod.'!C15 -> 30 | D14: =IF(ISERROR(C14*B14),0,C14*B14) -> 259.8 | E14: ='Begr.-Rechner int. Prod.'!E15 -> 0 | F14: =IF(ISERROR(E14*B14),0,(E14*B14)) -> 0 | G14: =IF(ISERROR(E14/C14),0,(E14/C14)) -> 0 | H14: =IF(ISERROR($I$2*E14),0,($I$2*E14)) -> 0 | I14: Leguminose | M14: nein | N14: ja | O14: =IF(E14>0,"ja","nein") -> nein | P14: =IF(O14="ja",I14,"") | V14: =IF(AND(O14="ja",N14="ja"),1,"") | AB14: Wasserblattgewächse
A15: Grünschnittroggen | B15: ='Begr.-Rechner int. Prod.'!B16 -> 2.08 | C15: ='Begr.-Rechner int. Prod.'!C16 -> 120 | D15: =IF(ISERROR(C15*B15),0,C15*B15) -> 249.6 | E15: ='Begr.-Rechner int. Prod.'!E16 -> 0 | F15: =IF(ISERROR(E15*B15),0,(E15*B15)) -> 0 | G15: =IF(ISERROR(E15/C15),0,(E15/C15)) -> 0 | H15: =IF(ISERROR($I$2*E15),0,($I$2*E15)) -> 0 | I15: Gräser | M15: ja | N15: nein | O15: =IF(E15>0,"ja","nein") -> nein | P15: =IF(O15="ja",I15,"") | V15: =IF(AND(O15="ja",N15="ja"),1,"")
A16: Herbstrübe | B16: ='Begr.-Rechner int. Prod.'!B17 -> 10.22 | C16: ='Begr.-Rechner int. Prod.'!C17 -> 2 | D16: =IF(ISERROR(C16*B16),0,C16*B16) -> 20.44 | E16: ='Begr.-Rechner int. Prod.'!E17 -> 0 | F16: =IF(ISERROR(E16*B16),0,(E16*B16)) -> 0 | G16: =IF(ISERROR(E16/C16),0,(E16/C16)) -> 0 | H16: =IF(ISERROR($I$2*E16),0,($I$2*E16)) -> 0 | I16: Kreuzblütler | M16: nein | N16: ja | O16: =IF(E16>0,"ja","nein") -> nein | P16: =IF(O16="ja",I16,"") | V16: =IF(AND(O16="ja",N16="ja"),1,"")
A17: Hirse | B17: ='Begr.-Rechner int. Prod.'!B18 -> 3.98 | C17: ='Begr.-Rechner int. Prod.'!C18 -> 15 | D17: =IF(ISERROR(C17*B17),0,C17*B17) -> 59.7 | E17: ='Begr.-Rechner int. Prod.'!E18 -> 0 | F17: =IF(ISERROR(E17*B17),0,(E17*B17)) -> 0 | G17: =IF(ISERROR(E17/C17),0,(E17/C17)) -> 0 | H17: =IF(ISERROR($I$2*E17),0,($I$2*E17)) -> 0 | I17: Gräser | M17: nein | N17: nein | O17: =IF(E17>0,"ja","nein") -> nein | P17: =IF(O17="ja",I17,"") | V17: =IF(AND(O17="ja",N17="ja"),1,"")
A18: Hornklee | B18: ='Begr.-Rechner int. Prod.'!B19 -> 13.16 | C18: ='Begr.-Rechner int. Prod.'!C19 -> 20 | D18: =IF(ISERROR(C18*B18),0,C18*B18) -> 263.2 | E18: ='Begr.-Rechner int. Prod.'!E19 -> 0 | F18: =IF(ISERROR(E18*B18),0,(E18*B18)) -> 0 | G18: =IF(ISERROR(E18/C18),0,(E18/C18)) -> 0 | H18: =IF(ISERROR($I$2*E18),0,($I$2*E18)) -> 0 | I18: Leguminose | M18: nein | N18: ja | O18: =IF(E18>0,"ja","nein") -> nein | P18: =IF(O18="ja",I18,"") | V18: =IF(AND(O18="ja",N18="ja"),1,"")
A19: Hornklee ampferfrei | B19: ='Begr.-Rechner int. Prod.'!B20 -> 19.55 | C19: ='Begr.-Rechner int. Prod.'!C20 -> 20 | D19: =IF(ISERROR(C19*B19),0,C19*B19) -> 391 | E19: ='Begr.-Rechner int. Prod.'!E20 -> 0 | F19: =IF(ISERROR(E19*B19),0,(E19*B19)) -> 0 | G19: =IF(ISERROR(E19/C19),0,(E19/C19)) -> 0 | H19: =IF(ISERROR($I$2*E19),0,($I$2*E19)) -> 0 | I19: Leguminose | M19: nein | N19: ja | O19: =IF(E19>0,"ja","nein") -> nein | P19: =IF(O19="ja",I19,"") | V19: =IF(AND(O19="ja",N19="ja"),1,"")
A20: Inkarnatklee | B20: ='Begr.-Rechner int. Prod.'!B21 -> 3.42 | C20: ='Begr.-Rechner int. Prod.'!C21 -> 30 | D20: =IF(ISERROR(C20*B20),0,C20*B20) -> 102.6 | E20: ='Begr.-Rechner int. Prod.'!E21 -> 0 | F20: =IF(ISERROR(E20*B20),0,(E20*B20)) -> 0 | G20: =IF(ISERROR(E20/C20),0,(E20/C20)) -> 0 | H20: =IF(ISERROR($I$2*E20),0,($I$2*E20)) -> 0 | I20: Leguminose | M20: nein | N20: ja | O20: =IF(E20>0,"ja","nein") -> nein | P20: =IF(O20="ja",I20,"") | V20: =IF(AND(O20="ja",N20="ja"),1,"")
A21: Italienisches Raygras (Welsches Weidelgras) | B21: ='Begr.-Rechner int. Prod.'!B22 -> 2.49 | C21: ='Begr.-Rechner int. Prod.'!C22 -> 40 | D21: =IF(ISERROR(C21*B21),0,C21*B21) -> 99.6 | E21: ='Begr.-Rechner int. Prod.'!E22 -> 0 | F21: =IF(ISERROR(E21*B21),0,(E21*B21)) -> 0 | G21: =IF(ISERROR(E21/C21),0,(E21/C21)) -> 0 | H21: =IF(ISERROR($I$2*E21),0,($I$2*E21)) -> 0 | I21: Gräser | M21: nein | N21: nein | O21: =IF(E21>0,"ja","nein") -> nein | P21: =IF(O21="ja",I21,"") | V21: =IF(AND(O21="ja",N21="ja"),1,"")
A22: Knaulgras | B22: ='Begr.-Rechner int. Prod.'!B23 -> 5.71 | C22: ='Begr.-Rechner int. Prod.'!C23 -> 25 | D22: =IF(ISERROR(C22*B22),0,C22*B22) -> 142.75 | E22: ='Begr.-Rechner int. Prod.'!E23 -> 0 | F22: =IF(ISERROR(E22*B22),0,(E22*B22)) -> 0 | G22: =IF(ISERROR(E22/C22),0,(E22/C22)) -> 0 | H22: =IF(ISERROR($I$2*E22),0,($I$2*E22)) -> 0 | I22: Gräser | M22: nein | N22: nein | O22: =IF(E22>0,"ja","nein") -> nein | P22: =IF(O22="ja",I22,"") | V22: =IF(AND(O22="ja",N22="ja"),1,"")
A23: Kresse | B23: ='Begr.-Rechner int. Prod.'!B24 -> 4.58 | C23: ='Begr.-Rechner int. Prod.'!C24 -> 10 | D23: =IF(ISERROR(C23*B23),0,C23*B23) -> 45.8 | E23: ='Begr.-Rechner int. Prod.'!E24 -> 0 | F23: =IF(ISERROR(E23*B23),0,(E23*B23)) -> 0 | G23: =IF(ISERROR(E23/C23),0,(E23/C23)) -> 0 | H23: =IF(ISERROR($I$2*E23),0,($I$2*E23)) -> 0 | I23: Kreuzblütler | M23: nein | N23: ja | O23: =IF(E23>0,"ja","nein") -> nein | P23: =IF(O23="ja",I23,"") | V23: =IF(AND(O23="ja",N23="ja"),1,"")
A24: Kulturmalve | B24: ='Begr.-Rechner int. Prod.'!B25 -> 19.94 | C24: ='Begr.-Rechner int. Prod.'!C25 -> 12 | D24: =IF(ISERROR(C24*B24),0,C24*B24) -> 239.28 | E24: ='Begr.-Rechner int. Prod.'!E25 -> 0 | F24: =IF(ISERROR(E24*B24),0,(E24*B24)) -> 0 | G24: =IF(ISERROR(E24/C24),0,(E24/C24)) -> 0 | H24: =IF(ISERROR($I$2*E24),0,($I$2*E24)) -> 0 | I24: Malvengewächse | M24: nein | N24: ja | O24: =IF(E24>0,"ja","nein") -> nein | P24: =IF(O24="ja",I24,"") | V24: =IF(AND(O24="ja",N24="ja"),1,"")
A25: Leindotter | B25: ='Begr.-Rechner int. Prod.'!B26 -> 5.21 | C25: ='Begr.-Rechner int. Prod.'!C26 -> 10 | D25: =IF(ISERROR(C25*B25),0,C25*B25) -> 52.1 | E25: ='Begr.-Rechner int. Prod.'!E26 -> 0 | F25: =IF(ISERROR(E25*B25),0,(E25*B25)) -> 0 | G25: =IF(ISERROR(E25/C25),0,(E25/C25)) -> 0 | H25: =IF(ISERROR($I$2*E25),0,($I$2*E25)) -> 0 | I25: Kreuzblütler | M25: nein | N25: ja | O25: =IF(E25>0,"ja","nein") -> nein | P25: =IF(O25="ja",I25,"") | V25: =IF(AND(O25="ja",N25="ja"),1,"")
A26: Linse Sorte Klaus | B26: ='Begr.-Rechner int. Prod.'!B27 -> 5.89 | C26: ='Begr.-Rechner int. Prod.'!C27 -> 80 | D26: =IF(ISERROR(C26*B26),0,C26*B26) -> 471.2 | E26: ='Begr.-Rechner int. Prod.'!E27 -> 0 | F26: =IF(ISERROR(E26*B26),0,(E26*B26)) -> 0 | G26: =IF(ISERROR(E26/C26),0,(E26/C26)) -> 0 | H26: =IF(ISERROR($I$2*E26),0,($I$2*E26)) -> 0 | I26: Leguminose | M26: nein | N26: ja | O26: =IF(E26>0,"ja","nein") -> nein | P26: =IF(O26="ja",I26,"") | V26: =IF(AND(O26="ja",N26="ja"),1,"")
... A56: Winterfuttererbse | B56: ='Begr.-Rechner int. Prod.'!B57 -> 2.67 | C56: ='Begr.-Rechner int. Prod.'!C57 -> 140 | D56: =IF(ISERROR(C56*B56),0,C56*B56) -> 373.8 | E56: ='Begr.-Rechner int. Prod.'!E57 -> 0 | F56: =IF(ISERROR(E56*B56),0,(E56*B56)) -> 0 | G56: =IF(ISERROR(E56/C56),0,(E56/C56)) -> 0 | H56: =IF(ISERROR($I$2*E56),0,($I$2*E56)) -> 0 | I56: Leguminose | M56: ja | N56: ja | O56: =IF(E56>0,"ja","nein") -> nein | P56: =IF(O56="ja",I56,"") | V56: =IF(AND(O56="ja",N56="ja"),1,"")
A57: Winterfutterraps | B57: ='Begr.-Rechner int. Prod.'!B58 -> 3.25 | C57: ='Begr.-Rechner int. Prod.'!C58 -> 15 | D57: =IF(ISERROR(C57*B57),0,C57*B57) -> 48.75 | E57: ='Begr.-Rechner int. Prod.'!E58 -> 0 | I57: Kreuzblütler | M57: nein | N57: ja | O57: =IF(E57>0,"ja","nein") -> nein | P57: =IF(O57="ja",I57,"") | V57: =IF(AND(O57="ja",N57="ja"),1,"")
A58: Winterrübse | B58: ='Begr.-Rechner int. Prod.'!B59 -> 3.49 | C58: ='Begr.-Rechner int. Prod.'!C59 -> 12 | D58: =IF(ISERROR(C58*B58),0,C58*B58) -> 41.88 | E58: ='Begr.-Rechner int. Prod.'!E59 -> 0 | I58: Kreuzblütler | M58: ja | N58: ja | O58: =IF(E58>0,"ja","nein") -> nein | P58: =IF(O58="ja",I58,"") | V58: =IF(AND(O58="ja",N58="ja"),1,"")
A59: Winterwicke Pannonisch | B59: ='Begr.-Rechner int. Prod.'!B60 -> 2.66 | C59: ='Begr.-Rechner int. Prod.'!C60 -> 90 | D59: =IF(ISERROR(C59*B59),0,C59*B59) -> 239.4 | E59: ='Begr.-Rechner int. Prod.'!E60 -> 0 | I59: Leguminose | M59: ja | N59: ja | O59: =IF(E59>0,"ja","nein") -> nein | P59: =IF(O59="ja",I59,"") | V59: =IF(AND(O59="ja",N59="ja"),1,"")
A60: Zichorie | B60: ='Begr.-Rechner int. Prod.'!B61 -> 25.89 | C60: ='Begr.-Rechner int. Prod.'!C61 -> 15 | D60: =IF(ISERROR(C60*B60),0,C60*B60) -> 388.35 | E60: ='Begr.-Rechner int. Prod.'!E61 -> 0 | I60: Korbblütler | M60: nein | N60: ja | O60: =IF(E60>0,"ja","nein") -> nein | P60: =IF(O60="ja",I60,"") | V60: =IF(AND(O60="ja",N60="ja"),1,"")
A61: Zottelwicke | B61: ='Begr.-Rechner int. Prod.'!B62 -> 3.02 | C61: ='Begr.-Rechner int. Prod.'!C62 -> 90 | D61: =IF(ISERROR(C61*B61),0,C61*B61) -> 271.8 | E61: ='Begr.-Rechner int. Prod.'!E62 -> 0 | F61: =IF(ISERROR(E61*B61),0,(E61*B61)) -> 0 | G61: =IF(ISERROR(E61/C61),0,(E61/C61)) -> 0 | H61: =IF(ISERROR($I$2*E61),0,($I$2*E61)) -> 0 | I61: Leguminose | M61: ja | N61: ja | O61: =IF(E61>0,"ja","nein") -> nein | P61: =IF(O61="ja",I61,"") | V61: =IF(AND(O61="ja",N61="ja"),1,"")
A62: Zwerghirse | B62: ='Begr.-Rechner int. Prod.'!B63 -> 5.83 | C62: ='Begr.-Rechner int. Prod.'!C63 -> 15 | D62: =IF(ISERROR(C62*B62),0,C62*B62) -> 87.45 | E62: ='Begr.-Rechner int. Prod.'!E63 -> 0 | F62: =IF(ISERROR(E62*B62),0,(E62*B62)) -> 0 | G62: =IF(ISERROR(E62/C62),0,(E62/C62)) -> 0 | H62: =IF(ISERROR($I$2*E62),0,($I$2*E62)) -> 0 | I62: Gräser | M62: nein | N62: nein | O62: =IF(E62>0,"ja","nein") -> nein | P62: =IF(O62="ja",I62,"") | V62: =IF(AND(O62="ja",N62="ja"),1,"")
A63: eigene Kultur 1 | B63: ='Begr.-Rechner int. Prod.'!B64 -> 0 | C63: ='Begr.-Rechner int. Prod.'!C64 -> 0 | D63: =IF(ISERROR(C63*B63),0,C63*B63) -> 0 | E63: ='Begr.-Rechner int. Prod.'!E64 -> 0 | F63: =IF(ISERROR(E63*B63),0,(E63*B63)) -> 0 | G63: =IF(ISERROR(E63/C63),0,(E63/C63)) -> 0 | H63: =IF(ISERROR($I$2*E63),0,($I$2*E63)) -> 0 | I63: =IF(AND('Begr.-Rechner int. Prod.'!I64="",O63="ja"),"keine Angabe",'Begr.-Rechner int. Prod.'!I64) -> 0 | M63: =IF('Begr.-Rechner int. Prod.'!$N64="","nein",IF('Begr.-Rechner int. Prod.'!$N64<>"","ja")) -> nein | N63: =IF(AND(O63="ja",'Begr.-Rechner int. Prod.'!I64<>""),'Begr.-Rechner int. Prod.'!L64,"") | O63: =IF(E63>0,"ja","nein") -> nein | P63: =IF(AND(O63="ja",I63<>"keine Angabe"),I63,IF(AND(O63="ja",I63="keine Angabe"),"","")) | V63: =IF(AND(O63="ja",N63="ja"),1,"")
A64: eigene Kultur 2 | B64: ='Begr.-Rechner int. Prod.'!B65 -> 0 | C64: ='Begr.-Rechner int. Prod.'!C65 -> 0 | D64: =IF(ISERROR(C64*B64),0,C64*B64) -> 0 | E64: ='Begr.-Rechner int. Prod.'!E65 -> 0 | F64: =IF(ISERROR(E64*B64),0,(E64*B64)) -> 0 | G64: =IF(ISERROR(E64/C64),0,(E64/C64)) -> 0 | H64: =IF(ISERROR($I$2*E64),0,($I$2*E64)) -> 0 | I64: =IF(AND('Begr.-Rechner int. Prod.'!I65="",O64="ja"),"keine Angabe",'Begr.-Rechner int. Prod.'!I65) -> 0 | M64: =IF('Begr.-Rechner int. Prod.'!$N65="","nein",IF('Begr.-Rechner int. Prod.'!$N65<>"","ja")) -> nein | N64: =IF(AND(O64="ja",'Begr.-Rechner int. Prod.'!I65<>""),'Begr.-Rechner int. Prod.'!L65,"") | O64: =IF(E64>0,"ja","nein") -> nein | P64: =IF(AND(O64="ja",I64<>"keine Angabe"),I64,IF(AND(O64="ja",I64="keine Angabe"),"","")) | V64: =IF(AND(O64="ja",N64="ja"),1,"")
A65: eigene Kultur 3 | B65: ='Begr.-Rechner int. Prod.'!B66 -> 0 | C65: ='Begr.-Rechner int. Prod.'!C66 -> 0 | D65: =IF(ISERROR(C65*B65),0,C65*B65) -> 0 | E65: ='Begr.-Rechner int. Prod.'!E66 -> 0 | F65: =IF(ISERROR(E65*B65),0,(E65*B65)) -> 0 | G65: =IF(ISERROR(E65/C65),0,(E65/C65)) -> 0 | H65: =IF(ISERROR($I$2*E65),0,($I$2*E65)) -> 0 | I65: =IF(AND('Begr.-Rechner int. Prod.'!I66="",O65="ja"),"keine Angabe",'Begr.-Rechner int. Prod.'!I66) -> 0 | M65: =IF('Begr.-Rechner int. Prod.'!$N66="","nein",IF('Begr.-Rechner int. Prod.'!$N66<>"","ja")) -> nein | N65: =IF(AND(O65="ja",'Begr.-Rechner int. Prod.'!I66<>""),'Begr.-Rechner int. Prod.'!L66,"") | O65: =IF(E65>0,"ja","nein") -> nein | P65: =IF(AND(O65="ja",I65<>"keine Angabe"),I65,IF(AND(O65="ja",I65="keine Angabe"),"","")) | V65: =IF(AND(O65="ja",N65="ja"),1,"")
A66: eigene Kultur 4 | B66: ='Begr.-Rechner int. Prod.'!B67 -> 0 | C66: ='Begr.-Rechner int. Prod.'!C67 -> 0 | D66: =IF(ISERROR(C66*B66),0,C66*B66) -> 0 | E66: ='Begr.-Rechner int. Prod.'!E67 -> 0 | F66: =IF(ISERROR(E66*B66),0,(E66*B66)) -> 0 | G66: =IF(ISERROR(E66/C66),0,(E66/C66)) -> 0 | H66: =IF(ISERROR($I$2*E66),0,($I$2*E66)) -> 0 | I66: =IF(AND('Begr.-Rechner int. Prod.'!I67="",O66="ja"),"keine Angabe",'Begr.-Rechner int. Prod.'!I67) -> 0 | M66: =IF('Begr.-Rechner int. Prod.'!$N67="","nein",IF('Begr.-Rechner int. Prod.'!$N67<>"","ja")) -> nein | N66: =IF(AND(O66="ja",'Begr.-Rechner int. Prod.'!I67<>""),'Begr.-Rechner int. Prod.'!L67,"") | O66: =IF(E66>0,"ja","nein") -> nein | P66: =IF(AND(O66="ja",I66<>"keine Angabe"),I66,IF(AND(O66="ja",I66="keine Angabe"),"","")) | V66: =IF(AND(O66="ja",N66="ja"),1,"")
A67: eigene Kultur 5 | B67: ='Begr.-Rechner int. Prod.'!B68 -> 0 | C67: ='Begr.-Rechner int. Prod.'!C68 -> 0 | D67: =IF(ISERROR(C67*B67),0,C67*B67) -> 0 | E67: ='Begr.-Rechner int. Prod.'!E68 -> 0 | F67: =IF(ISERROR(E67*B67),0,(E67*B67)) -> 0 | G67: =IF(ISERROR(E67/C67),0,(E67/C67)) -> 0 | H67: =IF(ISERROR($I$2*E67),0,($I$2*E67)) -> 0 | I67: =IF(AND('Begr.-Rechner int. Prod.'!I68="",O67="ja"),"keine Angabe",'Begr.-Rechner int. Prod.'!I68) -> 0 | M67: =IF('Begr.-Rechner int. Prod.'!$N68="","nein",IF('Begr.-Rechner int. Prod.'!$N68<>"","ja")) -> nein | N67: =IF(AND(O67="ja",'Begr.-Rechner int. Prod.'!I68<>""),'Begr.-Rechner int. Prod.'!L68,"") | O67: =IF(E67>0,"ja","nein") -> nein | P67: =IF(AND(O67="ja",I67<>"keine Angabe"),I67,IF(AND(O67="ja",I67="keine Angabe"),"","")) | V67: =IF(AND(O67="ja",N67="ja"),1,"")
A68: eigene Kultur 6 | B68: ='Begr.-Rechner int. Prod.'!B69 -> 0 | C68: ='Begr.-Rechner int. Prod.'!C69 -> 0 | D68: =IF(ISERROR(C68*B68),0,C68*B68) -> 0 | E68: ='Begr.-Rechner int. Prod.'!E69 -> 0 | F68: =IF(ISERROR(E68*B68),0,(E68*B68)) -> 0 | G68: =IF(ISERROR(E68/C68),0,(E68/C68)) -> 0 | H68: =IF(ISERROR($I$2*E68),0,($I$2*E68)) -> 0 | I68: =IF(AND('Begr.-Rechner int. Prod.'!I69="",O68="ja"),"keine Angabe",'Begr.-Rechner int. Prod.'!I69) -> 0 | M68: =IF('Begr.-Rechner int. Prod.'!$N69="","nein",IF('Begr.-Rechner int. Prod.'!$N69<>"","ja")) -> nein | N68: =IF(AND(O68="ja",'Begr.-Rechner int. Prod.'!I69<>""),'Begr.-Rechner int. Prod.'!L69,"") | O68: =IF(E68>0,"ja","nein") -> nein | P68: =IF(AND(O68="ja",I68<>"keine Angabe"),I68,IF(AND(O68="ja",I68="keine Angabe"),"","")) | V68: =IF(AND(O68="ja",N68="ja"),1,"")
A69: eigene Kultur 7 | B69: ='Begr.-Rechner int. Prod.'!B70 -> 0 | C69: ='Begr.-Rechner int. Prod.'!C70 -> 0 | D69: =IF(ISERROR(C69*B69),0,C69*B69) -> 0 | E69: ='Begr.-Rechner int. Prod.'!E70 -> 0 | F69: =IF(ISERROR(E69*B69),0,(E69*B69)) -> 0 | G69: =IF(ISERROR(E69/C69),0,(E69/C69)) -> 0 | H69: =IF(ISERROR($I$2*E69),0,($I$2*E69)) -> 0 | I69: =IF(AND('Begr.-Rechner int. Prod.'!I70="",O69="ja"),"keine Angabe",'Begr.-Rechner int. Prod.'!I70) -> 0 | M69: =IF('Begr.-Rechner int. Prod.'!$N70="","nein",IF('Begr.-Rechner int. Prod.'!$N70<>"","ja")) -> nein | N69: =IF(AND(O69="ja",'Begr.-Rechner int. Prod.'!I70<>""),'Begr.-Rechner int. Prod.'!L70,"") | O69: =IF(E69>0,"ja","nein") -> nein | P69: =IF(AND(O69="ja",I69<>"keine Angabe"),I69,IF(AND(O69="ja",I69="keine Angabe"),"","")) | V69: =IF(AND(O69="ja",N69="ja"),1,"")

Sheet BIO (2)
A1: Jahr 2023 | B1: Sie können hier den entsprechenden Preis eingeben - die vorausgefüllten Werte entsprechen Durchschnittswerten laut Preisspanne gem. Begrünungstabelle 2021 | C1: angeführte Werte sind Durchschnitts - bzw. Beispielwerte HIER können auch eigene Werte eingegeben werden | E1: MISCHUNGSBERECHNUNG | I1: =IF($I$2="","bitte geben Sie HIER die Begrünungsfläche in ha an","Fläche in ha") -> Fläche in ha | J1: Menge in kg/ha geplant | K1: Kosten/ha in € | L1: Mischungs-anteil in % (=relative Saatstärke)
B2: Richtpreis/kg | C2: Reinsaat-menge | D2: Kosten/ha bei Reinsaat | E2: Menge/ha | F2: Kosten/ha in € | G2: Saatstärke in % der Reinsaat | H2: Menge in kg | I2: ='Begr.-Rechner BIO'!I2 -> 0 | J2: =SUM(E3:E35) -> 0 | K2: =SUM(F3:F35) -> 0 | L2: =SUM(G3:G35) -> 0 | M2: Var. 6 konform | N2: Insektenblütig | O2: In Begrünungsliste ausgewählt ? | P2: Familie ausgewählt | Q2: Var 6 konform | R2: Var 6 GSR, WE | S2: Anzahl Familien | T2: Anzahl Mischungspartner | U2: Summe Insektenblütige Mischungspartner | V2: Zählenn wenn insektenblütig | W2: Variante | X2: Mischungspartner | Y2: Anzahl Pflanzenfamilien | Z2: Mischung zu Variante Konform? | AB2: Familien Drop Down | AC2: Drop Down JA Nein insektenblütig | AD2: Drop Down JA Nein Var. 6
A3: ='Begr.-Rechner BIO'!$A4 -> Alexandrinerklee BIO | B3: ='Begr.-Rechner BIO'!$B4 -> 5.9 | C3: ='Begr.-Rechner BIO'!C4 -> 25 | D3: =IF(ISERROR(C3*B3),0,C3*B3) -> 147.5 | E3: ='Begr.-Rechner BIO'!E4 -> 0 | F3: =IF(ISERROR(E3*B3),0,(E3*B3)) -> 0 | G3: =IF(ISERROR(E3/C3),0,(E3/C3)) -> 0 | H3: =IF(ISERROR($I$2*E3),0,($I$2*E3)) -> 0 | I3: ='Begr.-Rechner BIO'!$I4 -> Leguminose | M3: nein | N3: ja | O3: =IF(E3>0,"ja","nein") -> nein | P3: =IF(O3="ja",I3,"") | Q3: =COUNTIFS($M$3:$M$35,"ja",$O$3:$O$35,"ja") -> 0 | R3: =IF(AND($R$5>0,$R$4=0),"ja",IF(AND($R$5>0,$R$4>0),"nein",IF(AND($R$5=0,$R$4>0),"nein","nein"))) -> nein | S3: {=SUM(1/(COUNTIF(P3:P35,P3:P35)))-1} -> 0 | T3: =COUNTIF($O$3:$O$35,"ja") -> 0 | U3: =SUM(V3:V35) -> 0 | V3: =IF(AND(O3="ja",N3="ja"),1,"") | W3: Variante 1 | X3: 5 | Y3: 2 | Z3: =IF(AND($U$3>=$X$3,$S$3>=$Y$3),"Var.1; ","")
A4: ='Begr.-Rechner BIO'!$A5 -> Buchweizen BIO | B4: ='Begr.-Rechner BIO'!$B5 -> 2.92 | C4: ='Begr.-Rechner BIO'!C5 -> 70 | D4: =IF(ISERROR(C4*B4),0,C4*B4) -> 204.4 | E4: ='Begr.-Rechner BIO'!E5 -> 0 | F4: =IF(ISERROR(E4*B4),0,(E4*B4)) -> 0 | G4: =IF(ISERROR(E4/C4),0,(E4/C4)) -> 0 | H4: =IF(ISERROR($I$2*E4),0,($I$2*E4)) -> 0 | I4: ='Begr.-Rechner BIO'!$I5 -> Knöterichgewächse | M4: nein | N4: ja | O4: =IF(E4>0,"ja","nein") -> nein | P4: =IF(O4="ja",I4,"") | R4: =COUNTIFS($M$3:$M$35,"nein",$O$3:$O$35,"ja") -> 0 | V4: =IF(AND(O4="ja",N4="ja"),1,"") | W4: Variante 2 | X4: 3 | Y4: 3 | Z4: =IF(AND($T$3>=$X$4,$S$3>=$Y$4),"Var.2; ","") | AB4: Doldenblütler | AC4: Ja | AD4: Grünschnittroggen
A5: ='Begr.-Rechner BIO'!$A6 -> Einjähriges Raygras BIO | B5: ='Begr.-Rechner BIO'!$B6 -> 3.71 | C5: ='Begr.-Rechner BIO'!C6 -> 40 | D5: =IF(ISERROR(C5*B5),0,C5*B5) -> 148.4 | E5: ='Begr.-Rechner BIO'!E6 -> 0 | F5: =IF(ISERROR(E5*B5),0,(E5*B5)) -> 0 | G5: =IF(ISERROR(E5/C5),0,(E5/C5)) -> 0 | H5: =IF(ISERROR($I$2*E5),0,($I$2*E5)) -> 0 | I5: ='Begr.-Rechner BIO'!$I6 -> Gräser | M5: nein | N5: nein | O5: =IF(E5>0,"ja","nein") -> nein | P5: =IF(O5="ja",I5,"") | R5: =COUNTIFS($M$3:$M$35,"ja",$O$3:$O$35,"ja") -> 0 | V5: =IF(AND(O5="ja",N5="ja"),1,"") | W5: Variante 3 | X5: 3 | Y5: 2 | Z5: =IF(AND($T$3>=$X$5,$S$3>=$Y$5),"Var.3; ","") | AB5: Gänsefußgewächse | AC5: Nein | AD5: Pannonische Wicke
A6: ='Begr.-Rechner BIO'!$A7 -> Englisches Raygras BIO | B6: ='Begr.-Rechner BIO'!$B7 -> 7.09 | C6: ='Begr.-Rechner BIO'!C7 -> 30 | D6: =IF(ISERROR(C6*B6),0,C6*B6) -> 212.7 | E6: ='Begr.-Rechner BIO'!E7 -> 0 | F6: =IF(ISERROR(E6*B6),0,(E6*B6)) -> 0 | G6: =IF(ISERROR(E6/C6),0,(E6/C6)) -> 0 | H6: =IF(ISERROR($I$2*E6),0,($I$2*E6)) -> 0 | I6: ='Begr.-Rechner BIO'!$I7 -> Gräser | M6: nein | N6: nein | O6: =IF(E6>0,"ja","nein") -> nein | P6: =IF(O6="ja",I6,"") | V6: =IF(AND(O6="ja",N6="ja"),1,"") | W6: Variante 4 | X6: 3 | Y6: 2 | Z6: =IF(AND($T$3>=$X$6,$S$3>=$Y$6),"Var.4; ","") | AB6: Gräser | AD6: Zottelwicke
A7: ='Begr.-Rechner BIO'!$A8 -> Futtererbse BIO | B7: ='Begr.-Rechner BIO'!$B8 -> 1.7 | C7: ='Begr.-Rechner BIO'!C8 -> 160 | D7: =IF(ISERROR(C7*B7),0,C7*B7) -> 272 | E7: ='Begr.-Rechner BIO'!E8 -> 0 | F7: =IF(ISERROR(E7*B7),0,(E7*B7)) -> 0 | G7: =IF(ISERROR(E7/C7),0,(E7/C7)) -> 0 | H7: =IF(ISERROR($I$2*E7),0,($I$2*E7)) -> 0 | I7: ='Begr.-Rechner BIO'!$I8 -> Leguminose | M7: nein | N7: ja | O7: =IF(E7>0,"ja","nein") -> nein | P7: =IF(O7="ja",I7,"") | V7: =IF(AND(O7="ja",N7="ja"),1,"") | W7: Varainte 5 | X7: 3 | Y7: 2 | Z7: =IF(AND($T$3>=$X$7,$S$3>=$Y$7),"Var.5; ","") | AB7: Hanfgewächse | AD7: Winterackerbohne
A8: ='Begr.-Rechner BIO'!$A9 -> Hirse BIO | B8: ='Begr.-Rechner BIO'!$B9 -> 4.82 | C8: ='Begr.-Rechner BIO'!C9 -> 15 | D8: =IF(ISERROR(C8*B8),0,C8*B8) -> 72.3 | E8: ='Begr.-Rechner BIO'!E9 -> 0 | F8: =IF(ISERROR(E8*B8),0,(E8*B8)) -> 0 | G8: =IF(ISERROR(E8/C8),0,(E8/C8)) -> 0 | H8: =IF(ISERROR($I$2*E8),0,($I$2*E8)) -> 0 | I8: ='Begr.-Rechner BIO'!$I9 -> Gräser | M8: nein | N8: nein | O8: =IF(E8>0,"ja","nein") -> nein | P8: =IF(O8="ja",I8,"") | V8: =IF(AND(O8="ja",N8="ja"),1,"") | W8: Variante 6 | Z8: =IF($R$3="ja","Var. 6 *","") | AB8: Knöterichgewächse | AD8: Wintererbse
A9: ='Begr.-Rechner BIO'!$A10 -> Inkarnatklee BIO | B9: ='Begr.-Rechner BIO'!$B10 -> 5.33 | C9: ='Begr.-Rechner BIO'!C10 -> 30 | D9: =IF(ISERROR(C9*B9),0,C9*B9) -> 159.9 | E9: ='Begr.-Rechner BIO'!E10 -> 0 | F9: =IF(ISERROR(E9*B9),0,(E9*B9)) -> 0 | G9: =IF(ISERROR(E9/C9),0,(E9/C9)) -> 0 | H9: =IF(ISERROR($I$2*E9),0,($I$2*E9)) -> 0 | I9: ='Begr.-Rechner BIO'!$I10 -> Leguminose | M9: nein | N9: ja | O9: =IF(E9>0,"ja","nein") -> nein | P9: =IF(O9="ja",I9,"") | V9: =IF(AND(O9="ja",N9="ja"),1,"") | W9: Variante 7 | X9: 3 | Y9: 2 | Z9: =IF(AND($T$3>=$X$9,$S$3>=$Y$9),"Var.7","") | AB9: Korbblütler | AD9: Winterrübse
A10: ='Begr.-Rechner BIO'!$A11 -> Italienisches Raygras BIO | B10: ='Begr.-Rechner BIO'!$B11 -> 3.58 | C10: ='Begr.-Rechner BIO'!C11 -> 40 | D10: =IF(ISERROR(C10*B10),0,C10*B10) -> 143.2 | E10: ='Begr.-Rechner BIO'!E11 -> 0 | F10: =IF(ISERROR(E10*B10),0,(E10*B10)) -> 0 | G10: =IF(ISERROR(E10/C10),0,(E10/C10)) -> 0 | H10: =IF(ISERROR($I$2*E10),0,($I$2*E10)) -> 0 | I10: ='Begr.-Rechner BIO'!$I11 -> Gräser | M10: nein | N10: nein | O10: =IF(E10>0,"ja","nein") -> nein | P10: =IF(O10="ja",I10,"") | V10: =IF(AND(O10="ja",N10="ja"),1,"") | Z10: =IF(AND($Z3="",Z4="",Z5="",Z6="",Z7="",Z8=""),"keine ÖPUL Konformität gegeben","") -> keine ÖPUL Konformität gegeben | AB10: Kreuzblütler
A11: ='Begr.-Rechner BIO'!$A12 -> Kresse BIO | B11: ='Begr.-Rechner BIO'!$B12 -> 11.61 | C11: ='Begr.-Rechner BIO'!C12 -> 10 | D11: =IF(ISERROR(C11*B11),0,C11*B11) -> 116.1 | E11: ='Begr.-Rechner BIO'!E12 -> 0 | F11: =IF(ISERROR(E11*B11),0,(E11*B11)) -> 0 | G11: =IF(ISERROR(E11/C11),0,(E11/C11)) -> 0 | H11: =IF(ISERROR($I$2*E11),0,($I$2*E11)) -> 0 | I11: ='Begr.-Rechner BIO'!$I12 -> Kreuzblütler | M11: nein | N11: ja | O11: =IF(E11>0,"ja","nein") -> nein | P11: =IF(O11="ja",I11,"") | V11: =IF(AND(O11="ja",N11="ja"),1,"") | AB11: Leguminose
A12: ='Begr.-Rechner BIO'!$A13 -> Leindotter BIO | B12: ='Begr.-Rechner BIO'!$B13 -> 9.03 | C12: ='Begr.-Rechner BIO'!C13 -> 10 | D12: =IF(ISERROR(C12*B12),0,C12*B12) -> 90.3 | E12: ='Begr.-Rechner BIO'!E13 -> 0 | F12: =IF(ISERROR(E12*B12),0,(E12*B12)) -> 0 | G12: =IF(ISERROR(E12/C12),0,(E12/C12)) -> 0 | H12: =IF(ISERROR($I$2*E12),0,($I$2*E12)) -> 0 | I12: ='Begr.-Rechner BIO'!$I13 -> Kreuzblütler | M12: nein | N12: ja | O12: =IF(E12>0,"ja","nein") -> nein | P12: =IF(O12="ja",I12,"") | V12: =IF(AND(O12="ja",N12="ja"),1,"") | AB12: Leingewächse
A13: ='Begr.-Rechner BIO'!$A14 -> Linse Sorte Klaus BIO | B13: ='Begr.-Rechner BIO'!$B14 -> 6.07 | C13: ='Begr.-Rechner BIO'!C14 -> 80 | D13: =IF(ISERROR(C13*B13),0,C13*B13) -> 485.6 | E13: ='Begr.-Rechner BIO'!E14 -> 0 | F13: =IF(ISERROR(E13*B13),0,(E13*B13)) -> 0 | G13: =IF(ISERROR(E13/C13),0,(E13/C13)) -> 0 | H13: =IF(ISERROR($I$2*E13),0,($I$2*E13)) -> 0 | I13: ='Begr.-Rechner BIO'!$I14 -> Leguminose | M13: nein | N13: ja | O13: =IF(E13>0,"ja","nein") -> nein | P13: =IF(O13="ja",I13,"") | V13: =IF(AND(O13="ja",N13="ja"),1,"") | AB13: Malvengewächse
A14: ='Begr.-Rechner BIO'!$A15 -> Luzerne BIO | B14: ='Begr.-Rechner BIO'!$B15 -> 8.13 | C14: ='Begr.-Rechner BIO'!C15 -> 25 | D14: =IF(ISERROR(C14*B14),0,C14*B14) -> 203.25 | E14: ='Begr.-Rechner BIO'!E15 -> 0 | F14: =IF(ISERROR(E14*B14),0,(E14*B14)) -> 0 | G14: =IF(ISERROR(E14/C14),0,(E14/C14)) -> 0 | H14: =IF(ISERROR($I$2*E14),0,($I$2*E14)) -> 0 | I14: ='Begr.-Rechner BIO'!$I15 -> Leguminose | M14: nein | N14: ja | O14: =IF(E14>0,"ja","nein") -> nein | P14: =IF(O14="ja",I14,"") | V14: =IF(AND(O14="ja",N14="ja"),1,"") | AB14: Wasserblattgewächse
A15: ='Begr.-Rechner BIO'!$A16 -> Meliorationsrettich BIO | B15: ='Begr.-Rechner BIO'!$B16 -> 8.91 | C15: ='Begr.-Rechner BIO'!C16 -> 8 | D15: =IF(ISERROR(C15*B15),0,C15*B15) -> 71.28 | E15: ='Begr.-Rechner BIO'!E16 -> 0 | F15: =IF(ISERROR(E15*B15),0,(E15*B15)) -> 0 | G15: =IF(ISERROR(E15/C15),0,(E15/C15)) -> 0 | H15: =IF(ISERROR($I$2*E15),0,($I$2*E15)) -> 0 | I15: ='Begr.-Rechner BIO'!$I16 -> Kreuzblütler | M15: nein | N15: ja | O15: =IF(E15>0,"ja","nein") -> nein | P15: =IF(O15="ja",I15,"") | V15: =IF(AND(O15="ja",N15="ja"),1,"")
A16: ='Begr.-Rechner BIO'!$A17 -> Ölrettich BIO | B16: ='Begr.-Rechner BIO'!$B17 -> 4.39 | C16: ='Begr.-Rechner BIO'!C17 -> 20 | D16: =IF(ISERROR(C16*B16),0,C16*B16) -> 87.8 | E16: ='Begr.-Rechner BIO'!E17 -> 0 | F16: =IF(ISERROR(E16*B16),0,(E16*B16)) -> 0 | G16: =IF(ISERROR(E16/C16),0,(E16/C16)) -> 0 | H16: =IF(ISERROR($I$2*E16),0,($I$2*E16)) -> 0 | I16: ='Begr.-Rechner BIO'!$I17 -> Kreuzblütler | M16: nein | N16: ja | O16: =IF(E16>0,"ja","nein") -> nein | P16: =IF(O16="ja",I16,"") | V16: =IF(AND(O16="ja",N16="ja"),1,"")
A17: ='Begr.-Rechner BIO'!$A18 -> Phazelie BIO | B17: ='Begr.-Rechner BIO'!$B18 -> 7.79 | C17: ='Begr.-Rechner BIO'!C18 -> 16 | D17: =IF(ISERROR(C17*B17),0,C17*B17) -> 124.64 | E17: ='Begr.-Rechner BIO'!E18 -> 0 | F17: =IF(ISERROR(E17*B17),0,(E17*B17)) -> 0 | G17: =IF(ISERROR(E17/C17),0,(E17/C17)) -> 0 | H17: =IF(ISERROR($I$2*E17),0,($I$2*E17)) -> 0 | I17: ='Begr.-Rechner BIO'!$I18 -> Wasserblattgewächse | M17: nein | N17: ja | O17: =IF(E17>0,"ja","nein") -> nein | P17: =IF(O17="ja",I17,"") | V17: =IF(AND(O17="ja",N17="ja"),1,"")
A18: ='Begr.-Rechner BIO'!$A19 -> Pigmentplatterbse BIO | B18: ='Begr.-Rechner BIO'!$B19 -> 3.3 | C18: ='Begr.-Rechner BIO'!C19 -> 120 | D18: =IF(ISERROR(C18*B18),0,C18*B18) -> 396 | E18: ='Begr.-Rechner BIO'!E19 -> 0 | F18: =IF(ISERROR(E18*B18),0,(E18*B18)) -> 0 | G18: =IF(ISERROR(E18/C18),0,(E18/C18)) -> 0 | H18: =IF(ISERROR($I$2*E18),0,($I$2*E18)) -> 0 | I18: ='Begr.-Rechner BIO'!$I19 -> Leguminose | M18: ja | N18: ja | O18: =IF(E18>0,"ja","nein") -> nein | P18: =IF(O18="ja",I18,"") | V18: =IF(AND(O18="ja",N18="ja"),1,"")
A19: ='Begr.-Rechner BIO'!$A20 -> Rotklee BIO | B19: ='Begr.-Rechner BIO'!$B20 -> 8.54 | C19: ='Begr.-Rechner BIO'!C20 -> 25 | D19: =IF(ISERROR(C19*B19),0,C19*B19) -> 213.5 | E19: ='Begr.-Rechner BIO'!E20 -> 0 | F19: =IF(ISERROR(E19*B19),0,(E19*B19)) -> 0 | G19: =IF(ISERROR(E19/C19),0,(E19/C19)) -> 0 | H19: =IF(ISERROR($I$2*E19),0,($I$2*E19)) -> 0 | I19: ='Begr.-Rechner BIO'!$I20 -> Leguminose | M19: nein | N19: ja | O19: =IF(E19>0,"ja","nein") -> nein | P19: =IF(O19="ja",I19,"") | V19: =IF(AND(O19="ja",N19="ja"),1,"")
A20: ='Begr.-Rechner BIO'!$A21 -> Saatplatterbse BIO | B20: ='Begr.-Rechner BIO'!$B21 -> 2.21 | C20: ='Begr.-Rechner BIO'!C21 -> 110 | D20: =IF(ISERROR(C20*B20),0,C20*B20) -> 243.1 | E20: ='Begr.-Rechner BIO'!E21 -> 0 | F20: =IF(ISERROR(E20*B20),0,(E20*B20)) -> 0 | G20: =IF(ISERROR(E20/C20),0,(E20/C20)) -> 0 | H20: =IF(ISERROR($I$2*E20),0,($I$2*E20)) -> 0 | I20: ='Begr.-Rechner BIO'!$I21 -> Leguminose | M20: ja | N20: ja | O20: =IF(E20>0,"ja","nein") -> nein | P20: =IF(O20="ja",I20,"") | V20: =IF(AND(O20="ja",N20="ja"),1,"")
A21: ='Begr.-Rechner BIO'!$A22 -> Saatwicke BIO | B21: ='Begr.-Rechner BIO'!$B22 -> 2.7 | C21: ='Begr.-Rechner BIO'!C22 -> 100 | D21: =IF(ISERROR(C21*B21),0,C21*B21) -> 270 | E21: ='Begr.-Rechner BIO'!E22 -> 0 | F21: =IF(ISERROR(E21*B21),0,(E21*B21)) -> 0 | G21: =IF(ISERROR(E21/C21),0,(E21/C21)) -> 0 | H21: =IF(ISERROR($I$2*E21),0,($I$2*E21)) -> 0 | I21: ='Begr.-Rechner BIO'!$I22 -> Leguminose | M21: nein | N21: ja | O21: =IF(E21>0,"ja","nein") -> nein | P21: =IF(O21="ja",I21,"") | V21: =IF(AND(O21="ja",N21="ja"),1,"")
A22: ='Begr.-Rechner BIO'!$A23 -> Senf BIO | B22: ='Begr.-Rechner BIO'!$B23 -> 3.58 | C22: ='Begr.-Rechner BIO'!C23 -> 15 | D22: =IF(ISERROR(C22*B22),0,C22*B22) -> 53.7 | E22: ='Begr.-Rechner BIO'!E23 -> 0 | F22: =IF(ISERROR(E22*B22),0,(E22*B22)) -> 0 | G22: =IF(ISERROR(E22/C22),0,(E22/C22)) -> 0 | H22: =IF(ISERROR($I$2*E22),0,($I$2*E22)) -> 0 | I22: ='Begr.-Rechner BIO'!$I23 -> Kreuzblütler | M22: nein | N22: ja | O22: =IF(E22>0,"ja","nein") -> nein | P22: =IF(O22="ja",I22,"") | V22: =IF(AND(O22="ja",N22="ja"),1,"")
A23: ='Begr.-Rechner BIO'!$A24 -> Sommerwicke BIO | B23: ='Begr.-Rechner BIO'!$B24 -> 3.28 | C23: ='Begr.-Rechner BIO'!C24 -> 130 | D23: =IF(ISERROR(C23*B23),0,C23*B23) -> 426.4 | E23: ='Begr.-Rechner BIO'!E24 -> 0 | F23: =IF(ISERROR(E23*B23),0,(E23*B23)) -> 0 | G23: =IF(ISERROR(E23/C23),0,(E23/C23)) -> 0 | H23: =IF(ISERROR($I$2*E23),0,($I$2*E23)) -> 0 | I23: ='Begr.-Rechner BIO'!$I24 -> Leguminose | M23: nein | N23: ja | O23: =IF(E23>0,"ja","nein") -> nein | P23: =IF(O23="ja",I23,"") | V23: =IF(AND(O23="ja",N23="ja"),1,"")
A24: ='Begr.-Rechner BIO'!$A25 -> Sudangras BIO | B24: ='Begr.-Rechner BIO'!$B25 -> 3.52 | C24: ='Begr.-Rechner BIO'!C25 -> 25 | D24: =IF(ISERROR(C24*B24),0,C24*B24) -> 88 | E24: ='Begr.-Rechner BIO'!E25 -> 0 | F24: =IF(ISERROR(E24*B24),0,(E24*B24)) -> 0 | G24: =IF(ISERROR(E24/C24),0,(E24/C24)) -> 0 | H24: =IF(ISERROR($I$2*E24),0,($I$2*E24)) -> 0 | I24: ='Begr.-Rechner BIO'!$I25 -> Gräser | M24: nein | N24: nein | O24: =IF(E24>0,"ja","nein") -> nein | P24: =IF(O24="ja",I24,"") | V24: =IF(AND(O24="ja",N24="ja"),1,"")
A25: ='Begr.-Rechner BIO'!$A26 -> Waldstaudenroggen BIO "SLK" | B25: ='Begr.-Rechner BIO'!$B26 -> 2.38 | C25: ='Begr.-Rechner BIO'!C26 -> 100 | D25: =IF(ISERROR(C25*B25),0,C25*B25) -> 238 | E25: ='Begr.-Rechner BIO'!E26 -> 0 | F25: =IF(ISERROR(E25*B25),0,(E25*B25)) -> 0 | G25: =IF(ISERROR(E25/C25),0,(E25/C25)) -> 0 | H25: =IF(ISERROR($I$2*E25),0,($I$2*E25)) -> 0 | I25: ='Begr.-Rechner BIO'!$I26 -> Gräser | M25: nein | N25: nein | O25: =IF(E25>0,"ja","nein") -> nein | P25: =IF(O25="ja",I25,"") | V25: =IF(AND(O25="ja",N25="ja"),1,"")
A26: ='Begr.-Rechner BIO'!$A27 -> Weißklee BIO | B26: ='Begr.-Rechner BIO'!$B27 -> 15.19 | C26: ='Begr.-Rechner BIO'!C27 -> 12 | D26: =IF(ISERROR(C26*B26),0,C26*B26) -> 182.28 | E26: ='Begr.-Rechner BIO'!E27 -> 0 | F26: =IF(ISERROR(E26*B26),0,(E26*B26)) -> 0 | G26: =IF(ISERROR(E26/C26),0,(E26/C26)) -> 0 | H26: =IF(ISERROR($I$2*E26),0,($I$2*E26)) -> 0 | I26: ='Begr.-Rechner BIO'!$I27 -> Leguminose | M26: nein | N26: ja | O26: =IF(E26>0,"ja","nein") -> nein | P26: =IF(O26="ja",I26,"") | V26: =IF(AND(O26="ja",N26="ja"),1,"")
... A28: ='Begr.-Rechner BIO'!$A29 -> Winterwicke Pannonisch BIO | B28: ='Begr.-Rechner BIO'!$B29 -> 3.15 | C28: ='Begr.-Rechner BIO'!C29 -> 90 | D28: =IF(ISERROR(C28*B28),0,C28*B28) -> 283.5 | E28: ='Begr.-Rechner BIO'!E29 -> 0 | F28: =IF(ISERROR(E28*B28),0,(E28*B28)) -> 0 | G28: =IF(ISERROR(E28/C28),0,(E28/C28)) -> 0 | H28: =IF(ISERROR($I$2*E28),0,($I$2*E28)) -> 0 | I28: ='Begr.-Rechner BIO'!$I29 -> Leguminose | M28: ja | N28: ja | O28: =IF(E28>0,"ja","nein") -> nein | P28: =IF(O28="ja",I28,"") | V28: =IF(AND(O28="ja",N28="ja"),1,"")
A29: ='Begr.-Rechner BIO'!$A30 -> eigene Kultur 1 | B29: ='Begr.-Rechner BIO'!$B30 -> 0 | C29: ='Begr.-Rechner BIO'!C30 -> 0 | D29: =IF(ISERROR(C29*B29),0,C29*B29) -> 0 | E29: ='Begr.-Rechner BIO'!E30 -> 0 | F29: =IF(ISERROR(E29*B29),0,(E29*B29)) -> 0 | G29: =IF(ISERROR(E29/C29),0,(E29/C29)) -> 0 | H29: =IF(ISERROR($I$2*E29),0,($I$2*E29)) -> 0 | I29: ='Begr.-Rechner BIO'!$I30 -> 0 | M29: =IF('Begr.-Rechner BIO'!$N30="","nein",IF('Begr.-Rechner BIO'!$N30<>"","ja")) -> nein | N29: =IF(AND(O29="ja",'Begr.-Rechner BIO'!I30<>""),'Begr.-Rechner BIO'!L30,"") | O29: =IF(E29>0,"ja","nein") -> nein | P29: =IF(AND(O29="ja",I29<>"keine Angabe"),I29,IF(AND(I29="keine Angabe",O29="ja"),"","")) | V29: =IF(AND(O29="ja",N29="ja"),1,"")
A30: ='Begr.-Rechner BIO'!$A31 -> eigene Kultur 2 | B30: ='Begr.-Rechner BIO'!$B31 -> 0 | C30: ='Begr.-Rechner BIO'!C31 -> 0 | D30: =IF(ISERROR(C30*B30),0,C30*B30) -> 0 | E30: ='Begr.-Rechner BIO'!E31 -> 0 | F30: =IF(ISERROR(E30*B30),0,(E30*B30)) -> 0 | G30: =IF(ISERROR(E30/C30),0,(E30/C30)) -> 0 | H30: =IF(ISERROR($I$2*E30),0,($I$2*E30)) -> 0 | I30: ='Begr.-Rechner BIO'!$I31 -> 0 | M30: =IF('Begr.-Rechner BIO'!$N31="","nein",IF('Begr.-Rechner BIO'!$N31<>"","ja")) -> nein | N30: =IF(AND(O30="ja",'Begr.-Rechner BIO'!I31<>""),'Begr.-Rechner BIO'!L31,"") | O30: =IF(E30>0,"ja","nein") -> nein | P30: =IF(AND(O30="ja",I30<>"keine Angabe"),I30,IF(AND(I30="keine Angabe",O30="ja"),"","")) | V30: =IF(AND(O30="ja",N30="ja"),1,"")
A31: ='Begr.-Rechner BIO'!$A32 -> eigene Kultur 3 | B31: ='Begr.-Rechner BIO'!$B32 -> 0 | C31: ='Begr.-Rechner BIO'!C32 -> 0 | D31: =IF(ISERROR(C31*B31),0,C31*B31) -> 0 | E31: ='Begr.-Rechner BIO'!E32 -> 0 | F31: =IF(ISERROR(E31*B31),0,(E31*B31)) -> 0 | G31: =IF(ISERROR(E31/C31),0,(E31/C31)) -> 0 | H31: =IF(ISERROR($I$2*E31),0,($I$2*E31)) -> 0 | I31: ='Begr.-Rechner BIO'!$I32 -> 0 | M31: =IF('Begr.-Rechner BIO'!$N32="","nein",IF('Begr.-Rechner BIO'!$N32<>"","ja")) -> nein | N31: =IF(AND(O31="ja",'Begr.-Rechner BIO'!I32<>""),'Begr.-Rechner BIO'!L32,"") | O31: =IF(E31>0,"ja","nein") -> nein | P31: =IF(AND(O31="ja",I31<>"keine Angabe"),I31,IF(AND(I31="keine Angabe",O31="ja"),"","")) | V31: =IF(AND(O31="ja",N31="ja"),1,"")
A32: ='Begr.-Rechner BIO'!$A33 -> eigene Kultur 4 | B32: ='Begr.-Rechner BIO'!$B33 -> 0 | C32: ='Begr.-Rechner BIO'!C33 -> 0 | D32: =IF(ISERROR(C32*B32),0,C32*B32) -> 0 | E32: ='Begr.-Rechner BIO'!E33 -> 0 | F32: =IF(ISERROR(E32*B32),0,(E32*B32)) -> 0 | G32: =IF(ISERROR(E32/C32),0,(E32/C32)) -> 0 | H32: =IF(ISERROR($I$2*E32),0,($I$2*E32)) -> 0 | I32: ='Begr.-Rechner BIO'!$I33 -> 0 | M32: =IF('Begr.-Rechner BIO'!$N33="","nein",IF('Begr.-Rechner BIO'!$N33<>"","ja")) -> nein | N32: =IF(AND(O32="ja",'Begr.-Rechner BIO'!I33<>""),'Begr.-Rechner BIO'!L33,"") | O32: =IF(E32>0,"ja","nein") -> nein | P32: =IF(AND(O32="ja",I32<>"keine Angabe"),I32,IF(AND(I32="keine Angabe",O32="ja"),"","")) | V32: =IF(AND(O32="ja",N32="ja"),1,"")
A33: ='Begr.-Rechner BIO'!$A34 -> eigene Kultur 5 | B33: ='Begr.-Rechner BIO'!$B34 -> 0 | C33: ='Begr.-Rechner BIO'!C34 -> 0 | D33: =IF(ISERROR(C33*B33),0,C33*B33) -> 0 | E33: ='Begr.-Rechner BIO'!E34 -> 0 | F33: =IF(ISERROR(E33*B33),0,(E33*B33)) -> 0 | G33: =IF(ISERROR(E33/C33),0,(E33/C33)) -> 0 | H33: =IF(ISERROR($I$2*E33),0,($I$2*E33)) -> 0 | I33: ='Begr.-Rechner BIO'!$I34 -> 0 | M33: =IF('Begr.-Rechner BIO'!$N34="","nein",IF('Begr.-Rechner BIO'!$N34<>"","ja")) -> nein | N33: =IF(AND(O33="ja",'Begr.-Rechner BIO'!I34<>""),'Begr.-Rechner BIO'!L34,"") | O33: =IF(E33>0,"ja","nein") -> nein | P33: =IF(AND(O33="ja",I33<>"keine Angabe"),I33,IF(AND(I33="keine Angabe",O33="ja"),"","")) | V33: =IF(AND(O33="ja",N33="ja"),1,"")
A34: ='Begr.-Rechner BIO'!$A35 -> eigene Kultur 6 | B34: ='Begr.-Rechner BIO'!$B35 -> 0 | C34: ='Begr.-Rechner BIO'!C35 -> 0 | D34: =IF(ISERROR(C34*B34),0,C34*B34) -> 0 | E34: ='Begr.-Rechner BIO'!E35 -> 0 | F34: =IF(ISERROR(E34*B34),0,(E34*B34)) -> 0 | G34: =IF(ISERROR(E34/C34),0,(E34/C34)) -> 0 | H34: =IF(ISERROR($I$2*E34),0,($I$2*E34)) -> 0 | I34: ='Begr.-Rechner BIO'!$I35 -> 0 | M34: =IF('Begr.-Rechner BIO'!$N35="","nein",IF('Begr.-Rechner BIO'!$N35<>"","ja")) -> nein | N34: =IF(AND(O34="ja",'Begr.-Rechner BIO'!I35<>""),'Begr.-Rechner BIO'!L35,"") | O34: =IF(E34>0,"ja","nein") -> nein | P34: =IF(AND(O34="ja",I34<>"keine Angabe"),I34,IF(AND(I34="keine Angabe",O34="ja"),"","")) | V34: =IF(AND(O34="ja",N34="ja"),1,"")
A35: ='Begr.-Rechner BIO'!$A36 -> eigene Kultur 7 | B35: ='Begr.-Rechner BIO'!$B36 -> 0 | C35: ='Begr.-Rechner BIO'!C36 -> 0 | D35: =IF(ISERROR(C35*B35),0,C35*B35) -> 0 | E35: ='Begr.-Rechner BIO'!E36 -> 0 | F35: =IF(ISERROR(E35*B35),0,(E35*B35)) -> 0 | G35: =IF(ISERROR(E35/C35),0,(E35/C35)) -> 0 | H35: =IF(ISERROR($I$2*E35),0,($I$2*E35)) -> 0 | I35: ='Begr.-Rechner BIO'!$I36 -> 0 | M35: =IF('Begr.-Rechner BIO'!$N36="","nein",IF('Begr.-Rechner BIO'!$N36<>"","ja")) -> nein | N35: =IF(AND(O35="ja",'Begr.-Rechner BIO'!I36<>""),'Begr.-Rechner BIO'!L36,"") | O35: =IF(E35>0,"ja","nein") -> nein | P35: =IF(AND(O35="ja",I35<>"keine Angabe"),I35,IF(AND(I35="keine Angabe",O35="ja"),"","")) | V35: =IF(AND(O35="ja",N35="ja"),1,"")
